 Dungeon Crawl Stone Soup version 0.31-a0-971-g75a2e9a4b4 (webtiles) character file.

Game seed: 14692876320776608874

4614095 Gormless the Skinwalker (level 27, 136/136 HPs)
             Began as a Felid Chaos Knight on Oct 28, 2023.
             Was the Champion of Jiyva.
             Escaped with the Orb
             ... and 6 runes!
             The game lasted 01:57:42 (63341 turns).

Gormless the Skinwalker (Felid Chaos Knight)       Turns: 63341, Time: 01:57:43

Health: 136/136    AC: 12    Str:  9 (11) XL:     27
Magic:  45/45      EV: 62    Int: 27      God:    Jiyva [******]
Gold:   4473       SH:  5    Dex: 21 (22) Spells: 20/61 levels left
                                        Lives:  0   Deaths: 9

rFire   + .          .
                       - Unarmed
rCold   . . .        (shield unavailable)
rNeg    . . .        (body armour unavailable)
rPois   ∞            (helmet unavailable)
rElec   +            (cloak unavailable)
rCorr   +            (gloves unavailable)
SInv    +            (boots unavailable)
Will    ++++.        U - amulet "Faden" {Reflect rElec rF+ SH+5}
Stlth   +++          S - ring of Kafoewulath {EV+5 Int+4}
HPRegen 2.02/turn    c - ring "Soha" {Str+3 Int+6}
MPRegen 0.79/turn

%: reflection
@: storm-form, flying, studying 2 skills
A: cleaving, insubstantial, flying, very small, (claws 1), (fangs 3), see
invisible, (speed 1), (shaggy fur 3), (stealthy paws), no weapons or thrown
items, no armour, multi-lived, (antennae 2), (iridescent scales 2), (cold
resistance 1), deterioration 2, dopey 1, (fire resistance 3), (poison
resistance), weak 1, (acidic bite), (gelatinous body 3), (translucent skin 1),
MP-powered wands
0: Orb of Zot
}: 6/15 runes: barnacled, slimy, silver, abyssal, demonic, gossamer
a: Blinkbolt, Begin Untransformation, Renounce Religion, Oozemancy, Slimify


You escaped.
You worshipped Jiyva.
Jiyva was exalted by your worship.
You were a lightning-filled tempest!
You visited 13 branches of the dungeon, and saw 57 of its levels.
You visited Pandemonium 2 times, and saw 7 of its levels.
You visited the Abyss 3 times.
You also visited: Trove, Ossuary, Gauntlet and Desolation.

You collected 6389 gold pieces.
You spent 1916 gold pieces at shops.

Inventory:

Jewellery
 c - the ring "Soha" (right paw) {Str+3 Int+6}
   (You found it on level 10 of the Dungeon)

   [ring of intelligence]

   Str+3:     It affects your strength (+3).
   Int+6:     It affects your intelligence (+6).
 g - the ring "Syfa Zie" {rPois Will+ Slay+3}
   (You took it off a deep elf death mage on level 3 of the Elven Halls)

   [ring of willpower]

   Slay+3:    It affects your accuracy & damage with ranged weapons and melee
   (+3).
   rPois:     It protects you from poison Will+: It increases your willpower.
 k - a +4 ring of slaying
 r - the ring of Balance {rC+ Int+6 Stlth+}
   (You found it on level 5 of the Vaults)

   [ring of intelligence]

   Int+6:     It affects your intelligence (+6).
   rC+:       It protects you from cold.
   Stlth+:    It makes you more stealthy.
 y - a ring of protection from cold
 B - a ring of flight
 S - the ring of Kafoewulath (left paw) {EV+5 Int+4}
   (You found it in a Gauntlet)

   [ring of evasion]

   EV+5:      It affects your evasion (+5).
   Int+4:     It affects your intelligence (+4).
 T - a ring of protection from fire
 U - the amulet "Faden" (around neck) {Reflect rElec rF+ SH+5}
   (You took it off a deep elf annihilator on level 3 of the Elven Halls)

   [amulet of reflection]

   Reflect:   It reflects blocked missile attacks.
   rF+:       It protects you from fire.
   rElec:     It insulates you from electricity.
   SH+5:      It affects your SH (+5).
 X - the amulet of Axto {Regen+ Str+4 Int+4 Slay+2}
   (You found it on level 2 of the Vaults)

   [amulet of regeneration]

   Str+4:     It affects your strength (+4).
   Int+4:     It affects your intelligence (+4).
   Slay+2:    It affects your accuracy & damage with ranged weapons and melee
   (+2).
   Regen+:    It increases your rate of health regeneration.
 Z - the ring of Free Will {rElec rPois Str-2 Int+3 Dex+6}
   (You found it on level 5 of the Pits of Slime)

   [ring of dexterity]

   Str-2:     It affects your strength (-2).
   Int+3:     It affects your intelligence (+3).
   Dex+6:     It affects your dexterity (+6).
   rElec:     It insulates you from electricity.
   rPois:     It protects you from poison
Talismans
 v - a storm talisman (active)
 Q - a granite talisman
Wands
 i - a wand of charming (73)
 m - a wand of quicksilver (20)
 t - a wand of polymorph (18) (quivered)
 C - a wand of digging (7)
 G - a wand of mindburst (44)
 J - a wand of flame (54)
 N - a wand of roots (59)
Scrolls
 b - 5 scrolls of torment
 d - 8 scrolls of revelation
 l - 5 scrolls of fear
 p - 9 scrolls of vulnerability
 u - 9 scrolls of silence
 x - 5 scrolls of immolation
 z - a scroll of summoning
 A - 11 scrolls of teleportation
 E - 3 scrolls of fog
 F - 5 scrolls of poison
 O - 7 scrolls of amnesia
Potions
 a - 6 potions of attraction
 f - 2 potions of might
 h - 15 potions of curing
 n - 4 potions of haste
 o - 11 potions of enlightenment
 q - 13 potions of mutation
 s - 14 potions of brilliance
 w - 2 potions of berserk rage
 D - 5 potions of lignification
 H - 2 potions of resistance
 M - 3 potions of cancellation
 P - 8 potions of ambrosia
 R - 2 potions of magic
 V - 5 potions of invisibility
Miscellaneous
 I - a tin of tremorstones (2/2)
 W - a sack of spiders
 Y - a phial of floods


   Skills:
 - Level 21.0 Fighting
 - Level 21.0 Dodging
 - Level 21.0 Stealth
 - Level 21.0 Unarmed Combat
 + Level 17.8 Spellcasting
 - Level 21.0 Hexes
 - Level 21.0 Translocations
 + Level 17.8 Air Magic
 + Level 20.7 Evocations
 - Level 23.0 Shapeshifting


You had 20 spell levels left.
You knew the following spells:

 Your Spells              Type           Power      Damage    Failure   Level
a - Vhi's Electric Charg  Tloc/Air       100%       N/A       0%          4
b - Manifold Assault      Tloc           95%        N/A       0%          4
c - Dispersal             Tloc           47%        N/A       1%          6
d - Enfeeble              Hex            47%        N/A       1%          7
i - Discord               Hex            47%        N/A       2%          8
k - Blink                 Tloc           100%       N/A       0%          2
p - Passage of Golubria   Tloc           95%        N/A       0%          4
s - Swiftness             Air            88%        N/A       0%          3
w - Passwall              Tmut/Erth      20%        N/A       3%          2
y - Apportation           Tloc           100%       N/A       0%          1

Your spell library contained the following spells:

 Spells                   Type           Power      Damage    Failure   Level
 Jinxbite                 Hex            100%       N/A       0%          2
 Lesser Beckoning         Tloc           100%       N/A       0%          2
 Confusing Touch          Hex            95%        N/A       0%          3
 Gell's Gravitas          Tloc           95%        N/A       0%          3
 Sigil of Binding         Hex            95%        N/A       0%          3
 Teleport Other           Tloc           95%        N/A       0%          3
 Tukima's Dance           Hex            95%        N/A       0%          3
 Airstrike                Air            44%        2d(7-23)  0%          4
 Foxfire                  Conj/Fire      96%        2x1d8     1%          1
 Freeze                   Ice            96%        1d10      1%          1
 Kiss of Death            Conj/Necr      96%        2d12      1%          1
 Necrotise                Necr           96%        1d8       1%          1
 Sandblast                Erth           48%        2d12      1%          1
 Cigotuvi's Dreadful Rot  Necr/Pois/Air  100%       N/A       1%          2
 Momentum Strike          Conj/Tloc      100%       3d10      1%          2
 Poisonous Vapours        Pois/Air       100%       N/A       1%          2
 Static Discharge         Conj/Air       100%       3-8/arc   1%          2
 Dazzling Flash           Conj/Hex       100%       N/A       1%          3
 Inner Flame              Hex/Fire       69%        N/A       1%          3
 Mephitic Cloud           Conj/Pois/Air  54%        N/A       1%          3
 Summon Guardian Golem    Hex/Summ       69%        N/A       1%          3
 Volatile Blastmotes      Fire/Tloc      100%       2d18      1%          3
 Fulminant Prism          Conj/Hex       34%        3d15      1%          4
 Iskenderun's Mystic Bla  Conj/Tloc      69%        2d14      1%          4
 Leda's Liquefaction      Hex/Erth       34%        N/A       1%          4
 Summon Lightning Spire   Summ/Air       64%        N/A       1%          4
 Arcjolt                  Conj/Air       32%        1d42      1%          5
 Metabolic Englaciation   Hex/Ice        34%        N/A       1%          5
 Silence                  Hex/Air        46%        N/A       1%          5
 Summon Forest            Summ/Tloc      34%        N/A       1%          5
 Summon Mana Viper        Hex/Summ       69%        N/A       1%          5
 Yara's Violent Unravell  Hex/Tmut       34%        3d14      1%          5
 Disjunction              Tloc           47%        N/A       2%          8
 Wereblood                Tmut           24%        N/A       3%          2
 Freezing Cloud           Conj/Ice/Air   27%        6-21      4%          5
 Call Canine Familiar     Summ           24%        N/A       6%          3
 Frozen Ramparts          Ice            48%        1d8       6%          3
 Hailstorm                Conj/Ice       24%        3d7       6%          3
 Ignite Poison            Fire/Tmut/Pois 24%        N/A       6%          3
 Ozocubu's Armour         Ice            24%        N/A       6%          3
 Stone Arrow              Conj/Erth      48%        3d10      6%          3
 Vampiric Draining        Necr           24%        2d7       6%          3
 Conjure Ball Lightning   Conj/Air       32%        3x3d10    8%          6
 Plasma Beam              Fire/Air       32%        2x1d45    8%          6
 Brom's Barrelling Bould  Conj/Erth      24%        2d5       19%         4
 Dispel Undead            Necr           24%        3d12      19%         4
 Petrify                  Tmut/Erth      24%        N/A       19%         4
 Summon Ice Beast         Ice/Summ       24%        N/A       19%         4
 Agony                    Necr           24%        N/A       47%         5
 Alistair's Intoxication  Tmut/Pois      16%        N/A       47%         5
 Borgnjor's Vile Clutch   Necr/Erth      12%        N/A       47%         5
 Irradiate                Conj/Tmut      12%        3d15      47%         5
 Iskenderun's Battlesphe  Conj           24%        2d8       47%         5
 Bombard                  Conj/Erth      12%        9d3       96%         6
 Death Channel            Necr           12%        N/A       96%         6
 Eringya's Noxious Bog    Tmut/Pois      12%        4d6       96%         6
 Simulacrum               Ice/Necr       12%        N/A       96%         6
 Starburst                Conj/Fire      12%        6d5       96%         6
 Summon Cactus Giant      Summ           12%        N/A       96%         6
 Haunt                    Necr/Summ      12%        N/A       100%        7
 Orb of Destruction       Conj           12%        9d7       100%        7
 Spellforged Servitor     Conj/Summ      12%        N/A       100%        7
 Summon Hydra             Summ           12%        N/A       100%        7
 Borgnjor's Revivificati  Necr           12%        N/A       100%        8
 Lehudib's Crystal Spear  Conj/Erth      12%        10d4      100%        8
 Death's Door             Necr           12%        N/A       100%        9
 Dimensional Bullseye     Hex/Tloc       Unusable   N/A       N/A         4
 Sublimation of Blood     Necr           Unusable   N/A       N/A         2
 Animate Armour           Summ/Erth      Unusable   N/A       N/A         4

Dungeon Overview and Level Annotations

Branches:
Dungeon (15/15)            Temple (1/1) D:6            Lair (5/5) D:9
 Shoals (4/4) Lair:2       Spider (4/4) Lair:2        Slime (5/5) Lair:4
    Orc (2/2) D:9             Elf (3/3) Orc:2        Vaults (5/5) D:13
  Crypt (3/3) Vaults:2       Tomb (1/3) Crypt:3      Depths (4/4) D:15
    Zot (5/5) Depths:4    Ossuary (visited)         Desolation (visited)
Gauntlet (visited)

Altars:
Ashenzari
Cheibriados
Dithmenos
Elyvilon
Fedhas
Gozag
Hepliaklqana
Kikubaaqudgha
Makhleb
Nemelex Xobeh
Okawaru
Qazlal
Ru
Sif Muna
Trog
Uskayaw
Vehumet
Wu Jian
Xom
Yredelemnul
Zin
The Shining One
Jiyva
Lugonu

Shops:
D:9 !   Orc:1 *   Orc:2 [*[=(   Elf:1 [   Elf:3 *   Shoals:2 *   Vaults:1 *
Depths:1 *:

Portals:
Hell: Depths:1 Depths:2 Depths:3 Depths:4
Abyss: Lair:3 Depths:3 Depths:4
Pandemonium: Depths:2 Depths:3 Depths:4
Ziggurat: Depths:3

Annotations:
D:8 3 runed translucent doors, Gormless's ghost, journeyman NaSh
Spider:4 2 transporters, Xavori's ghost, adept DjCK
Slime:4 Dissolution
Slime:5 Royal Jelly


Innate Abilities, Weirdness & Mutations

You are a lightning-filled tempest!
Your electrical attacks strike out in all directions at once.
You are incredibly evasive.
Your insubstantial body is immune to petrification, constriction, and being set on fire You are flying.
You are immune to poison.
((You have sharp claws.))
((You have razor-sharp teeth.))
You have supernaturally acute eyesight. (SInv)
((You cover ground quickly. (Speed+)))
((Your thick and shaggy fur keeps you warm. (AC +3, rC+)))
((Your paws help you pounce on unaware monsters.))
You are incapable of wielding weapons or throwing items.
You cannot wear armour.
You gain extra lives every three experience levels.
((You have a pair of antennae on your head.))
((You are mostly covered in iridescent scales. (AC +4)))
((Your flesh is cold resistant. (rC+)))
Your body often deteriorates upon taking damage.
You are dopey. (Int -2)
((Your flesh is almost immune to the effects of heat. (rF+++)))
((Your system is resistant to poisons. (rPois)))
You are weak. (Str -2)
((You have acidic saliva.))
((Your gelatinous body deflects attacks. (AC +3, EV +3)))
((Your translucent skin slightly reduces your foes' accuracy. (Stealth+)))
You expend magic power (3 MP) to strengthen your wands.


Message History

No target in view!
No target in view!
No target in view!
No target in view!
No target in view!
No target in view!
The barbed spikes dig painfully into your body as you move.
The barbed spikes dig painfully into your body as you move.
The barbed spikes dig painfully into your body as you move.
The barbed spikes dig painfully into your body as you move.
You carefully extract the barbed spikes from your body.
A great orb of eyes comes into view.
A great orb of eyes is nearby!
A great orb of eyes is nearby!
A great orb of eyes is nearby!
A great orb of eyes is nearby!
The great orb of eyes stares at you suspiciously for a moment, then relaxes.
No target in view!
No target in view!
No target in view!
No target in view!
No target in view!
No target in view!
No target in view!
No target in view!
No target in view!
No target in view!
No target in view!
No target in view!
No target in view!
No target in view!
No target in view!
No target in view!
No target in view!
No target in view!
You hear a slurping noise.
You hear a distant slurping noise.
You hear a distant slurping noise. x2
There is a staircase leading out of the dungeon here.
You have escaped!

♣♣♣♣♣♣ ♣♣♣♣
♣♣♣♣♣♣P.♣P♣♣♣ ♣♣≈≈♣
♣♣.[.P..♣....♣♣♣≈≈≈♣
♣♣..v..♣♣♣♣♣.♣.♣♣♣≈≈≈
♣......♣ ♣♣.♣♣ ♣♣♣≈
♣♣♣..♣.♣ ♣♣.♣♣♣♣...
♣♣..♣♣ ♣♣...♣♣...♣
♣♣.♣♣ ♣..........
♣..♣ ♣.......... ♣.♣♣
♣♣......... ♣.♣
♣♣......... ♣.♣♣♣
♣..........


There were no monsters in sight!

Vanquished Creatures
  A seraph (Zot:1)
  6 dread liches
  3 orbs of fire (Zot:5)
  2 ancient liches (Zot:5)
  A juggernaut (Zot:1)
  A royal mummy (Tomb:1)
  Parghit (Zot:3)
  Boris (twice) (Crypt:3 Vaults:5)
  Bai Suzhen (Vaults:2)
  Frederick (Crypt:2)
  3 pandemonium lords (Pan)
  A caustic shrike (Depths:4)
  3 curse toes
  10 Killer Klowns
  The ghost of Ziugimmo the Tortoise, a veteran AtMo of Elyvilon (Vaults:2)
  12 golden dragons
  The ghost of Qecvurom the Warrior, an adept DrRe of Fedhas (Vaults:2)
  8 bone dragons
  2 Tzitzimimeh (Pan)
  5 electric golems
  The ghost of Asumeq the Hoplite, a veteran GrFi of Qazlal (Vaults:2)
  Arachne (Spider:4)
  6 Brimstone Fiends (Pan)
  19 tentacled monstrosities
  3 profane servitors
  A hellephant (Pan)
  3 Hell Sentinels (Pan)
  Mlioglotl (Spider:1)
  An Ice Fiend (Zot:1)
  A walking earthen tome (Depths:3)
  A titan (Vaults:5)
  Asterion (Vaults:2)
  7 liches
  27 Orb Guardians
  The ghost of Namoxzo the Warrior, an adept VSBr of Okawaru (Vaults:2)
  A walking divine tome (Depths:4)
  12 sphinxes
  8 quicksilver dragons
  2 deep elf master archers (Elf:3)
  2 deep elf blademasters (Elf:3)
  21 tentacled starspawn (Abyss:3)
  Gastronok (Orc:1)
  9 Executioners
  Polyphemus (Shoals:3)
  10 death cobs
  4 ancient champions
  6 tengu reavers
  Aizul (Spider:3)
  Kirke (Spider:1)
  2 thorn hunters (Abyss:3)
  Roxanne (D:14)
  8 shadow dragons
  16 storm dragons
  Donald (Crypt:1)
  2 draconian monks
  6 draconian knights
  10 demonspawn warmongers (Pan)
  7 nagarajas
  3 revenants
  A daeva (D:9)
  3 iron dragons
  3 draconian scorchers
  Ilsuiw (Shoals:2)
  10 fire giants
  13 ghost moths
  10 frost giants
  9 balrugs
  5 emperor scorpions
  A juggernaut zombie (Crypt:1)
  30 vault wardens
  8 ghouls
  5 deep elf elementalists (Elf:3)
  6 draconian stormcallers
  5 deep elf sorcerers
  An orc warlord (Vaults:1)
  A curse skull (Crypt:3)
  9 draconian shifters
  2 angels (Abyss:3)
  22 ironbound preservers
  8 demonspawn blood saints (Pan)
  12 draconian annihilators
  2 broodmothers
  18 cacodemons
  15 reapers
  23 very ugly things
  7 stone giants
  The ghost of Pixtaico the Unseen, an adept FeNe of Elyvilon (Vaults:4)
  7 demonspawn corrupters (Pan)
  A starflower (Abyss:3)
  3 war gargoyles
  8 black draconians
  4 ironbound thunderhulks
  3 deep elf demonologists
  13 lorocyprocas (Pan)
  14 purple draconians
  2 demonspawn black suns (Pan)
  10 dire elephants
  6 yellow draconians
  13 green draconians
  Azrael (Spider:2)
  8 deep elf annihilators
  Nessos (D:14)
  3 vampire knights
  4 red draconians
  A minotaur (Gauntlet)
  4 spark wasps
  3 halazid warlocks (Desolation)
  11 white draconians
  10 merfolk javelineers
  5 mummy priests (Tomb:1)
  An eidolon (Crypt:1)
  3 crystal guardians (Desolation)
  4 deep elf death magi
  7 fire dragons
  9 green deaths
  17 ettins
  8 blizzard demons
  7 merfolk impalers
  A shambling mangrove (Abyss:3)
  13 jiangshi
  4 entropy weavers
  8 servants of whispers
  6 rakshasas
  The ghost of Gormless the Mimic, a journeyman FeCK of Xom (Lair:3)
  40 vault guards
  14 yaktaur captains
  9 ragged hierophants
  A quicksilver dragon skeleton (Crypt:2)
  A spectral shadow dragon (Crypt:3)
  7 ice dragons
  10 peacekeepers
  12 deep elf high priests
  A jorogumo (Spider:2)
  4 hell beasts
  2 hydras
  A caustic shrike simulacrum (Abyss:3)
  A catoblepas (Shoals:3)
  4 merfolk avatars
  Erica (D:11)
  Harold (Orc:1)
  2 radroaches
  3 spriggan skeletons
  7 death knights
  3 ogre magi (Vaults:5)
  2 spriggan air magi (Depths:4)
  3 merfolk aquamancers
  A two-headed ogre (Orc:1)
  An alligator snapping turtle (Shoals:4)
  10 ironbound frosthearts
  29 dancing weapons
  7 deep troll shamans
  36 death scarabs
  6 death yaks
  4 anacondas (Depths:1)
  6 boulder beetles
  9 centaur warriors
  A bennu skeleton (Crypt:1)
  26 demonic crawlers
  5 tengu warriors
  5 vampire magi
  2 titan zombies
  28 thrashing horrors (Abyss:3)
  6 spriggan berserkers
  8 deep troll earth magi
  An occultist (Depths:2)
  7 hell hogs
  12 naga warriors (Depths:1)
  6 hell knights
  A storm dragon zombie (Crypt:1)
  28 soul eaters
  3 orc high priests (Orc:2)
  24 deep elf knights
  17 sun demons
  2 titan skeletons
  23 sixfirhies
  A spatial maelstrom (Abyss:3)
  7 skysharks
  11 wretched stars (Abyss:3)
  7 iron trolls
  Lodul (D:13)
  42 skeletal warriors
  A bunyip zombie (Abyss:3)
  A sun moth (Spider:3)
  4 shadow wraiths
  12 sea snakes
  4 shadow demons
  An anaconda zombie (Abyss:3)
  13 pharaoh ants
  61 deep trolls
  3 orb spiders (Spider:1)
  2 bog bodies (Crypt:2)
  18 deep elf archers
  2 flayed ghosts
  3 steelbarb worms
  4 arcanists
  32 ironbound convokers
  28 deep elf pyromancers
  11 necromancers
  5 orc knights
  2 fire giant zombies
  23 harpies
  An iron dragon zombie (Tomb:1)
  34 wolf spiders
  12 lindwurms
  27 ugly things
  A frost giant zombie (Crypt:1)
  Pikel (D:4)
  30 deep elf zephyrmancers
  7 phantasmal warriors
  A will-o-the-wisp (Abyss:2)
  11 manticores
  2 stone giant zombies
  4 orc sorcerers (Orc:2)
  A dire elephant zombie (Crypt:1)
  26 moths of wrath
  12 cyclopes
  7 black mambas
  6 merfolk sirens
  6 elephants (Lair:5)
  12 guardian serpents
  Maurice (Orc:1)
  An elephant (shapeshifter) (Abyss:3)
  9 worldbinders (Abyss:3)
  5 water nymphs
  A rust devil (Abyss:3)
  6 naga magi (Depths:1)
  35 smoke demons
  4 torpor snails
  A stone giant skeleton (Crypt:1)
  22 vault sentinels
  4 hellions
  5 apocalypse crabs (Abyss:3)
  A molten gargoyle (Desolation)
  A centaur skeleton (Crypt:1)
  4 gargoyles
  20 orange demons
  11 cane toads
  11 komodo dragons
  4 rime drakes
  29 yaktaurs
  2 dire elephant skeletons
  A komodo dragon (shapeshifter) (Elf:1)
  An unseen horror (D:11)
  4 efreet
  13 freezing wraiths
  A great orb of eyes zombie (Crypt:1)
  3 tengu conjurers
  10 tormentors (Pan)
  A kobold demonologist (D:13)
  11 ancient zymes
  2 ice devils (Pan)
  4 harpy zombies
  3 red devils
  5 guardian mummies (Tomb:1)
  6 trolls
  27 merfolk
  11 hellwings
  10 meliai
  A silent spectre (Abyss:3)
  11 wind drakes
  39 tarantellas
  A hornet (shapeshifter) (D:15)
  5 polar bears (Lair:5)
  A harpy skeleton (Crypt:1)
  13 hornets
  71 saltlings
  11 snapping turtles
  24 raiju
  A glass eye (D:10)
  10 blink frogs
  20 dream sheep
  An ettin zombie (Crypt:2)
  2 stone giant simulacra
  49 large abominations
  A centaur simulacrum (Crypt:1)
  2 air elementals (Elf:1)
  A jumping spider (shapeshifter) (Vaults:5)
  63 flying skulls
  2 ettin skeletons (Abyss:3)
  27 jumping spiders
  27 water elementals
  25 culicivoras
  15 spriggans
  2 ushabtiu (Tomb:1)
  6 shadows
  A yak (shapeshifter) (D:15)
  A basilisk (shapeshifter) (D:13)
  26 ynoxinuls
  2 naga simulacra
  49 starcursed masses (Abyss:3)
  12 wraiths
  A vampire (D:12)
  3 wyverns
  40 yaks
  7 fire elementals
  7 steam dragons
  2 hogs (Spider:1)
  17 chaos spawn
  13 vampire mosquitoes
  24 small abominations
  3 basilisks
  12 neqoxecs
  54 redbacks
  6 wargs (Orc:2)
  A swamp worm (shapeshifter) (Abyss:3)
  A naga (Depths:1)
  A demonspawn skeleton (Crypt:2)
  A glowing shapeshifter skeleton (Crypt:1)
  2 hell hounds
  A tengu skeleton (Depths:1)
  15 water moccasins
  A deep troll skeleton (Crypt:1)
  30 orc warriors
  Duvessa (D:4)
  A swamp drake (shapeshifter) (Abyss:3)
  2 ice beasts
  2 sky beasts
  3 black bears
  A black mamba simulacrum (Crypt:1)
  17 ogres
  4 boggarts (Lair:5)
  21 wolves
  A boggart (shapeshifter) (Abyss:3)
  7 centaurs
  An elephant skeleton (Crypt:1)
  4 phantoms
  Blork the orc (D:4)
  8 kobold brigands
  2 elf zombies (Ossuary)
  A yaktaur zombie (Crypt:2)
  17 bullfrogs
  10 necrophages
  32 scorpions
  2 earth elementals
  A gnoll sergeant (D:5)
  5 wights
  Dowan (D:4)
  A yak zombie (Crypt:1)
  A warg skeleton (Crypt:2)
  13 killer bees
  8 howler monkeys
  3 quasits (Abyss:3)
  A human simulacrum (Vaults:2)
  3 hounds
  2 human zombies
  2 jellies
  15 orc priests
  4 iron imps (Abyss:3)
  A gnoll bouda (D:7)
  A human skeleton (Crypt:2)
  Ijyb (D:4)
  24 orc wizards
  2 hound zombies
  An acid dragon skeleton (Crypt:2)
  13 mummies
  8 gnolls
  9 adders
  2 shadow imps
  7 white imps (Abyss:3)
  2 ufetubi (D:6)
  A worm zombie (Crypt:2)
  An adder zombie (Ossuary)
  An iguana skeleton (Crypt:1)
  4 worms
  A dart slug (D:4)
  87 orcs
  5 endoplasms
  3 giant cockroaches
  3 gnoll zombies (Ossuary)
  2 goblins
  3 hobgoblins
  4 jackals
  28 kobolds
  2 quokkas
  6 ball pythons
  4 bats
  A hobgoblin zombie (Ossuary)
  2 jackal zombies (Ossuary)
  An orc zombie (Ossuary)
  10 rats
  2 lurking horrors (Abyss:3)
  18 starspawn tentacles (Abyss:3)
3184 creatures vanquished.

Vanquished Creatures (collateral kills)
  A pandemonium lord (Pan)
  Vv (Zot:3)
  A Killer Klown (Zot:5)
  Margery (Crypt:1)
  The ghost of Qecvurom the Warrior, an adept DrRe of Fedhas (Vaults:2)
  A Brimstone Fiend (Pan)
  Jorgrun (D:14)
  A deep elf master archer (Elf:3)
  A tengu reaver (Vaults:5)
  A draconian knight (Zot:2)
  A vault warden (Vaults:4)
  An emperor scorpion (Spider:2)
  An orc warlord (Orc:2)
  A balrug (Zot:1)
  2 draconian shifters
  An ironbound preserver (Vaults:2)
  A draconian annihilator (Zot:2)
  A broodmother (Spider:3)
  An ophan (Abyss:3)
  A demonspawn black sun (Pan)
  A mummy priest (Tomb:1)
  A rakshasa (Depths:2)
  A centaur warrior (D:14)
  A tengu warrior (Depths:3)
  A demonic crawler (Spider:3)
  An orc high priest (Orc:2)
  2 sun demons (Zot:1)
  A thrashing horror (Abyss:3)
  2 soul eaters (Pan)
  A spriggan berserker (D:15)
  2 hell knights (Crypt:1)
  An iron troll (Depths:3)
  2 skeletal warriors
  An ironbound convoker (Vaults:5)
  6 orb spiders
  2 orc knights (Orc:2)
  2 necromancers (Crypt:1)
  A wolf spider (Spider:3)
  5 ugly things (D:15)
  A smoke demon (Pan)
  A large abomination (Pan)
  A rime drake (Lair:1)
  3 tormentors (Pan)
  An efreet (D:9)
  A hellwing (Pan)
  A blink frog (Abyss:3)
  3 jumping spiders
  2 culicivoras
  Sigmund (D:2)
  A ynoxinul (Pan)
  2 water elementals (Shoals:3)
  An ushabti (Tomb:1)
  5 redbacks
  A warg (Orc:2)
  4 orc warriors (Orc:2)
  An ogre (Orc:2)
  A boggart (D:9)
  A centaur (D:14)
  An orc wizard (Orc:2)
  3 orcs (Orc:2)
  2 kobolds
93 creatures vanquished.

Vanquished Creatures (others)
  A golden dragon (Vaults:5)
  A hellephant (Abyss:3)
  A storm dragon (shapeshifter) (Depths:2)
  2 draconian knights (Zot:1)
  2 formless jellyfish
  A demonspawn blood saint (Pan)
  A red draconian (Zot:4)
  A yellow draconian (Zot:1)
  A blizzard demon (Pan)
  10 great orbs of eyes
  A yaktaur captain (Vaults:1)
  A vault guard (Vaults:2)
  A merfolk avatar (Shoals:1)
  A boulder beetle (Vaults:3)
  An ironbound frostheart (Vaults:1)
  An ogre mage (Vaults:5)
  A merfolk aquamancer (Shoals:2)
  An orb spider (shapeshifter) (Depths:2)
  6 glowing orange brains
  2 deep trolls (Vaults:2)
  2 glowing orange brains (shapeshifter)
  A harpy (Shoals:3)
  3 ironbound convokers
  A lindwurm (Vaults:1)
  A deep elf zephyrmancer (Elf:3)
  A wolf spider (Spider:3)
  2 cyclopes
  A moth of wrath (Zot:1)
  6 vault sentinels
  2 cane toads (shapeshifter)
  A human zombie (Vaults:2)
  3 yaktaurs
  2 glass eyes
  A tengu conjurer (Depths:1)
  A dream sheep (shapeshifter) (Vaults:5)
  27 slime creatures
  A dream sheep (Shoals:1)
  A saltling (Desolation)
  A water elemental (Shoals:2)
  A ynoxinul (Abyss:3)
  A golden eye (shapeshifter) (Abyss:3)
  A neqoxec (Abyss:3)
  5 golden eyes
  A steam dragon (Shoals:1)
  A vampire mosquito (D:12)
  2 redbacks
  An orc warrior (Orc:2)
  A boggart (Lair:5)
  2 lemures (D:4)
  A killer bee (D:10)
  379 jellies
  A basilisk zombie (Crypt:2)
  An orc wizard (Orc:2)
  2 mummies
  An adder (Depths:1)
  An ufetubus (Abyss:3)
  9 orcs
  4 endoplasms (Abyss:3)
  A foxfire (Abyss:2)
  4 lurking horrors (Abyss:3)
  29 starspawn tentacles (Abyss:3)
544 creatures vanquished.

Grand Total: 3821 creatures vanquished

Notes
Turn   | Place    | Note
-------+----------+-------------------------------------------
     0 | D:1      | Gormless the Felid Chaos Knight began the quest for the
                  | Orb.
     0 | D:1      | Reached XP level 1. HP: 10/10 MP: 2/2
    26 | D:1      | XOM: divination: detect creatures
   166 | D:1      | XOM: give mutations
   166 | D:1      | Gained mutation: Your magical capacity is low. (-10% MP)
                  | [Xom's mischief]
   166 | D:1      | Gained mutation: You are weak. (Str -2) [Xom's mischief]
   166 | D:1      | Gained mutation: Your mind is acute. (Int +4, Str/Dex -1)
                  | [Xom's mischief]
   488 | D:1      | XOM: scenery: summon butterflies
   494 | D:1      | Reached XP level 2. HP: 13/14 MP: 2/2
   583 | D:1      | XOM: polymorph dart slug -> orc
   666 | D:1      | Noticed an eye of devastation
   669 | D:1      | Found a faded altar of an unknown god.
   671 | D:1      | Noticed a great orb of eyes
   671 | D:1      | Noticed an eye of devastation
   671 | D:1      | Noticed a golden eye
  1206 | D:2      | XOM: polymorph endoplasm -> jackal
  1500 | D:2      | Noticed Sigmund
  1510 | D:2      | XOM: cast spell 'Metabolic Englaciation'
  1521 | D:2      | Killed Sigmund
  1522 | D:2      | Reached XP level 3. HP: 17/17 MP: 3/3
  1522 | D:2      | Reached XP level 4. HP: 21/21 MP: 4/4
  1522 | D:2      | Reached XP level 5. HP: 24/24 MP: 5/5
  1793 | D:2      | XOM: divination: magic mapping
  2737 | D:4      | Noticed Blork the orc
  2741 | D:4      | XOM: enchant monster (good)
  2743 | D:4      | Killed Blork the orc
  2744 | D:4      | Gained mutation: You are covered in thick fur. (AC +2)
                  | [Felid growth]
  2744 | D:4      | Reached XP level 6. HP: 28/28 MP: 6/6
  2757 | D:4      | XOM: divination: detect items
  2758 | D:4      | XOM: enchant monster (good)
  2789 | D:4      | XOM: summons friendly iron imp
  2846 | D:4      | Found a glowing golden altar of the Shining One.
  2846 | D:4      | XOM: 5-stop teleportation journey
  2847 | D:4      | You fall into a shaft and drop 3 floors!
  2854 | D:7      | Found a burning altar of Makhleb.
  2873 | D:5      | Entered Level 5 of the Dungeon
  2910 | D:5      | XOM: scenery: summon butterflies
  2965 | D:5      | XOM: divination: detect creatures
  2973 | D:5      | XOM: cleaving
  2984 | D:5      | Reached XP level 7. HP: 31/31 MP: 7/7
  2988 | D:5      | Found a sand-covered staircase.
  2992 | Ossuary  | Entered an ossuary
  2997 | Ossuary  | XOM: fog
  2998 | Ossuary  | XOM: swap monsters
  3014 | Ossuary  | XOM: noise
  3044 | Ossuary  | XOM: cleaving
  3068 | Ossuary  | XOM: enchant monster (bad)
  3075 | Ossuary  | XOM: fake destruction
  3078 | Ossuary  | XOM: cast spell 'Chain of Chaos'
  3083 | Ossuary  | XOM: swap monsters
  3088 | Ossuary  | XOM: divine lightning
  3111 | Ossuary  | XOM: summons friendly iron imp
  3128 | Ossuary  | XOM: blink monster(s)
  3140 | Ossuary  | XOM: fog
  3160 | Ossuary  | XOM: enchant monster (good)
  3162 | Ossuary  | XOM: smoke on damage
  3182 | Ossuary  | XOM: divination: detect creatures
  3190 | Ossuary  | XOM: enchant monster (good)
  3195 | Ossuary  | XOM: potion effect (haste)
  3241 | Ossuary  | XOM: summons friendly crimson imp
  3268 | Ossuary  | XOM: cleaving
  3277 | Ossuary  | XOM: destruction
  3489 | D:5      | XOM: divination: magic mapping
  3496 | D:4      | Noticed Ijyb
  3512 | D:4      | Killed Ijyb
  3522 | D:4      | XOM: give mutations
  3522 | D:4      | Gained mutation: You have hidden genetic potential. [Xom's
                  | grace]
  3522 | D:4      | Gained mutation: You are partially covered in iridescent
                  | scales. (AC +2) [Xom's grace]
  3527 | D:4      | XOM: god gift: atropa-tipped dart
  3539 | D:4      | Noticed Dowan
  3539 | D:4      | Noticed Duvessa
  3595 | D:4      | XOM: 9-stop teleportation journey
  3660 | D:4      | Noticed Pikel
  3662 | D:4      | XOM: divination: magic mapping
  3665 | D:4      | XOM: divine lightning
  3678 | D:4      | Killed Pikel
  3679 | D:4      | Reached skill level 10 in Unarmed Combat
  3679 | D:4      | Reached XP level 8. HP: 12/34 MP: 8/8
  3922 | D:4      | XOM: god gift: shortbow {god gift}
  4022 | D:4      | XOM: give mutations
  4022 | D:4      | Lost mutation: You are weak. (Str -2) [Xom's grace]
  4022 | D:4      | Gained mutation: Your mind is very acute. (Int +8, Str/Dex
                  | -2) [Xom's grace]
  4062 | D:4      | XOM: scenery: summon butterflies
  4077 | D:4      | XOM: divine lightning
  4088 | D:4      | XOM: cleaving
  4095 | D:4      | XOM: potion effect (invisibility)
  4099 | D:4      | XOM: god gift: glaive {god gift}
  4101 | D:4      | Killed Duvessa
  4105 | D:4      | Killed Dowan
  4108 | D:4      | Gained mutation: You expend magic power (3 MP) to
                  | strengthen your wands. [hidden potential]
  4239 | D:5      | XOM: enchant monster (good)
  4304 | D:5      | Reached skill level 1 in Stealth
  4553 | D:5      | XOM: god gift: shortbow {god gift}
  4713 | D:5      | Found a glowing silver altar of Zin.
  5197 | D:6      | XOM: summons friendly white imp
  5204 | D:6      | XOM: 2-stop teleportation journey
  5205 | D:6      | Reached skill level 5 in Dodging
  5227 | D:6      | Reached XP level 9. HP: 39/39 MP: 9/9
  5274 | D:6      | Found a staircase to the Ecumenical Temple.
  5295 | D:6      | XOM: summons friendly shadow imp
  5312 | D:6      | XOM: 2-stop teleportation journey
  5426 | D:6      | XOM: give mutations
  5426 | D:6      | Gained mutation: You are robust. (+10% HP) [Xom's grace]
  5426 | D:6      | Gained mutation: Your system is resistant to poisons.
                  | (rPois) [Xom's grace]
  5426 | D:6      | Gained mutation: You are mostly covered in iridescent
                  | scales. (AC +4) [Xom's grace]
  5431 | D:6      | XOM: give mutations
  5431 | D:6      | Gained mutation: You are resistant to electric shocks.
                  | (rElec) [Xom's grace]
  5431 | D:6      | Gained mutation: A frigid envelope surrounds you and
                  | freezes all who hurt you. [Xom's grace]
  5467 | Temple   | Entered the Ecumenical Temple
  5568 | D:6      | Reached skill level 5 in Stealth
  5731 | D:6      | Noticed a deep elf pyromancer
  5734 | D:6      | Killed a deep elf pyromancer
  5735 | D:6      | Reached skill level 5 in Fighting
  5737 | D:6      | Lost mutation: Your magical capacity is low. (-10% MP)
                  | [hidden potential]
  5737 | D:6      | Lost mutation: You have hidden genetic potential. [hidden
                  | potential expressed]
  6033 | D:7      | XOM: cleaving
  6056 | D:7      | XOM: destruction
  6126 | D:7      | XOM: scenery: 2 doors open, 1 doors close
  6151 | D:7      | XOM: god gift: 5 curare-tipped darts
  6159 | D:7      | XOM: god gift: twisted pearl ring {god gift}
  6256 | D:7      | XOM: give mutations
  6256 | D:7      | Gained mutation: You possess an exceptional clarity of
                  | mind. [Xom's grace]
  6256 | D:7      | Gained mutation: You have an increased reservoir of magic.
                  | (+10% MP) [Xom's grace]
  6256 | D:7      | Gained mutation: You are strong-willed. (Will+) [Xom's
                  | grace]
  6256 | D:7      | Gained mutation: Your flesh is cold resistant. (rC+) [Xom's
                  | grace]
  6280 | D:7      | Reached skill level 1 in Shapeshifting
  6331 | D:7      | XOM: scenery: create altars
  6336 | D:7      | Reached skill level 2 in Shapeshifting
  6415 | D:7      | Reached skill level 3 in Shapeshifting
  6449 | D:7      | Found an opulent altar of Gozag.
  6500 | D:7      | XOM is BORED!
  6500 | D:7      | XOM: silly message
  6501 | D:7      | Reached XP level 10. HP: 47/50 MP: 12/12
  6547 | D:7      | Reached skill level 4 in Shapeshifting
  6751 | D:7      | XOM: potion effect (invisibility)
  6762 | D:7      | Reached skill level 5 in Shapeshifting
  7082 | D:8      | XOM: potion effect (curing)
  7094 | D:8      | Reached skill level 6 in Shapeshifting
  7102 | D:8      | XOM: divination: detect items
  7119 | D:8      | XOM: potion effect (invisibility)
  7122 | D:8      | Reached skill level 7 in Shapeshifting
  7226 | D:8      | Found a runed translucent gate.
  7226 | D:8      | Found a runed translucent gate.
  7226 | D:8      | Found a runed translucent gate.
  7228 | D:8      | Found an opulent altar of Gozag.
  7244 | D:8      | Noticed Gormless's ghost (journeyman NaSh)
  7327 | D:8      | Found a hide-covered altar of Uskayaw.
  7416 | D:8      | Reached skill level 8 in Shapeshifting
  7647 | D:8      | Found a radiant altar of Vehumet.
  7999 | D:8      | XOM: noise
  8190 | D:9      | Found a staircase to the Lair.
  8262 | D:9      | Reached skill level 9 in Shapeshifting
  8351 | D:9      | Found a staircase to the Orcish Mines.
  8391 | D:9      | Noticed a gargoyle
  8393 | D:9      | XOM: summons 10 friendly demons
  8400 | D:9      | XOM: scenery: summon butterflies
  8401 | D:9      | XOM: blink monster(s)
  8403 | D:9      | XOM: confuse monster(s)
  8466 | D:9      | Killed a gargoyle
  8556 | D:9      | Noticed a cyclops
  8562 | D:9      | Reached XP level 11. HP: 44/53 MP: 13/13
  8562 | D:9      | XOM: butterfly on damage
  8563 | D:9      | XOM: cast spell 'Olgreb's Toxic Radiance'
  8565 | D:9      | XOM: summons 5 friendly demons
  8566 | D:9      | Reached skill level 10 in Shapeshifting
  8570 | D:9      | Killed from afar by a tengu conjurer
  8764 | D:9      | Found Ysomiq's Distillery.
  8953 | D:9      | XOM: silly message
  8985 | D:9      | XOM: silly message
  9129 | D:10     | Entered Level 10 of the Dungeon
  9138 | D:10     | XOM: destruction
  9211 | D:10     | Noticed Urug
  9288 | D:10     | XOM: enchant monster (good)
  9289 | D:10     | XOM: silly message
  9336 | D:10     | Found a basalt altar of Yredelemnul.
  9339 | D:10     | Found a snail-covered altar of Cheibriados.
  9341 | D:10     | Found a shimmering blue altar of Sif Muna.
  9364 | D:10     | Urug changed into Urug the glass eye
  9364 | D:10     | Noticed Urug
  9375 | D:10     | Killed Urug the glass eye
  9486 | D:10     | XOM: swap monsters
  9685 | D:10     | Identified the ring "Soha" {Str+3 Int+6}
  9730 | D:10     | XOM is BORED!
  9908 | D:11     | Noticed Erica
  9912 | D:11     | Killed Erica
 10046 | D:11     | XOM: summons 6 hostile demons
 10109 | D:11     | Found a glowing golden altar of the Shining One.
 10252 | D:11     | Noticed a boulder beetle
 10258 | D:11     | XOM: divination: magic mapping
 10275 | D:11     | Killed a boulder beetle
 10276 | D:11     | Reached skill level 11 in Shapeshifting
 10304 | D:11     | XOM: noise
 10598 | D:12     | XOM: divine lightning
 10613 | D:12     | XOM: blink monster(s)
 10618 | D:12     | XOM: butterfly on damage
 10682 | D:12     | Noticed a skeletal warrior
 10682 | D:12     | Noticed a skeletal warrior
 10685 | D:12     | Noticed a skeletal warrior
 10687 | D:12     | XOM: summons friendly crimson imp
 10691 | D:12     | XOM: summons friendly iron imp
 10692 | D:12     | XOM: butterfly on damage
 10694 | D:12     | XOM: summons friendly white imp
 10912 | Lair:1   | Entered Level 1 of the Lair of Beasts
 11078 | Lair:1   | Gained mutation: Your thick and shaggy fur keeps you warm.
                  | (AC +3, rC+) [Felid growth]
 11078 | Lair:1   | Reached XP level 12. HP: 59/59 MP: 14/14
 11107 | Lair:1   | XOM: snakes to sticks
 11176 | Lair:1   | XOM: cloud trail
 11177 | Lair:1   | Identified the +11 spear of World's End {freeze, Dex+3}
 11268 | Lair:1   | XOM: summons 2 friendly demons
 11431 | Lair:2   | Found a hole to the Spider Nest.
 11441 | Lair:2   | XOM: cast spell 'Summon Mana Viper'
 11568 | Lair:2   | XOM: summons 3 hostile shadow creatures
 11569 | Lair:2   | Noticed a seven-headed hydra
 11678 | Lair:2   | XOM: fog
 11679 | Lair:2   | XOM: butterfly on damage
 11815 | Lair:2   | You fall into a shaft and drop 2 floors!
 11858 | Lair:4   | XOM: polymorph cane toad -> shapeshifter
 11872 | Lair:4   | Found a viscous altar of Jiyva.
 11872 | Lair:4   | Found a staircase to the Slime Pits.
 11880 | Lair:4   | Fell from the grace of Xom
 11880 | Lair:4   | Became a worshipper of Jiyva Jidaoxub the Shapeless
 12215 | Lair:2   | Found a staircase to the Shoals.
 12219 | Lair:2   | XOM: polymorph harpy -> komodo dragon
 12452 | Lair:3   | Reached skill level 12 in Shapeshifting
 12494 | Lair:3   | Reached * piety under Jiyva
 12515 | Lair:3   | Found a transporter.
 12516 | Lair:3   | Found a one-way gate to the infinite horrors of the Abyss.
 12516 | Lair:3   | Noticed Gormless's ghost (journeyman FeCK)
 12546 | Lair:3   | Found a transporter.
 12550 | Lair:3   | Noticed a rakshasa
 12625 | Lair:3   | Reached skill level 10 in Stealth
 12763 | Lair:3   | XOM: blink monster(s)
 12804 | Lair:3   | Reached ** piety under Jiyva
 13044 | Lair:4   | Reached XP level 13. HP: 55/64 MP: 15/15
 13229 | Lair:4   | Reached skill level 10 in Dodging
 13439 | Lair:4   | XOM: give mutations
 13439 | Lair:4   | Gained mutation: Potions are less effective at restoring
                  | your health. [Xom's mischief]
 13439 | Lair:4   | Lost mutation: Your mind is very acute. (Int +8, Str/Dex
                  | -2) [Xom's mischief]
 13675 | Lair:5   | Entered Level 5 of the Lair of Beasts
 13711 | Lair:5   | Reached *** piety under Jiyva
 13825 | Lair:4   | a slime creature changed into a spark wasp
 13825 | Lair:4   | Noticed a spark wasp (shapeshifter)
 13894 | Lair:5   | Lost mutation: Your mind is acute. (Int +4, Str/Dex -1)
                  | [Jiyva's grace]
 13894 | Lair:5   | Lost mutation: You are resistant to electric shocks.
                  | (rElec) [Jiyva's grace]
 13894 | Lair:5   | Lost mutation: Potions are less effective at restoring your
                  | health. [Jiyva's grace]
 13894 | Lair:5   | Gained mutation: Your melee attacks may engulf your foes in
                  | ooze. [Jiyva's grace]
 13894 | Lair:5   | Gained mutation: Your spells are a little harder to cast,
                  | but a little more powerful. [Jiyva's grace]
 13894 | Lair:5   | Gained mutation: Your spells are harder to cast, but more
                  | powerful. [Jiyva's grace]
 13894 | Lair:5   | Gained mutation: Your spells are much harder to cast, but
                  | much more powerful. [Jiyva's grace]
 14002 | Lair:5   | XOM: noise
 14115 | Lair:5   | Reached skill level 13 in Shapeshifting
 14553 | Lair:5   | Reached **** piety under Jiyva
 14782 | Lair:5   | XOM: noise
 15284 | Lair:5   | XOM: polymorph jelly -> shapeshifter
 15537 | Orc:1    | Entered Level 1 of the Orcish Mines
 15544 | Orc:1    | Reached XP level 14. HP: 70/70 MP: 16/16
 15569 | Orc:1    | Noticed Maurice
 15586 | Orc:1    | Killed Maurice
 15639 | Orc:1    | Found Qistryro's CLEARANCE SALE!.
 15673 | Orc:1    | Noticed Gastronok
 15685 | Orc:1    | Killed Gastronok
 15711 | Orc:1    | Noticed Harold
 15719 | Orc:1    | Killed Harold
 15724 | Orc:1    | Reached ***** piety under Jiyva
 15840 | Orc:2    | Entered Level 2 of the Orcish Mines
 15840 | Orc:2    | Found a staircase to the Elven Halls.
 15928 | Orc:2    | Lost mutation: You are mostly covered in iridescent scales.
                  | (AC +4) [Jiyva's grace]
 15928 | Orc:2    | Lost mutation: You are partially covered in iridescent
                  | scales. (AC +2) [Jiyva's grace]
 15928 | Orc:2    | Lost mutation: You are strong-willed. (Will+) [Jiyva's
                  | grace]
 15928 | Orc:2    | Lost mutation: A frigid envelope surrounds you and freezes
                  | all who hurt you. [Jiyva's grace]
 15928 | Orc:2    | Lost mutation: You are robust. (+10% HP) [Jiyva's grace]
 15928 | Orc:2    | Lost mutation: Your spells are much harder to cast, but
                  | much more powerful. [Jiyva's grace]
 15928 | Orc:2    | Lost mutation: Your spells are harder to cast, but more
                  | powerful. [Jiyva's grace]
 15928 | Orc:2    | Lost mutation: Your spells are a little harder to cast, but
                  | a little more powerful. [Jiyva's grace]
 15928 | Orc:2    | Gained mutation: You have a small jelly attached to you
                  | that may absorb projectiles. [Jiyva's grace]
 15928 | Orc:2    | Gained mutation: You have hidden genetic potential.
                  | [Jiyva's grace]
 15928 | Orc:2    | Gained mutation: You have great hidden genetic potential.
                  | [Jiyva's grace]
 15928 | Orc:2    | Lost mutation: You have great hidden genetic potential.
                  | [Jiyva's grace]
 15928 | Orc:2    | Lost mutation: You have hidden genetic potential. [Jiyva's
                  | grace]
 15928 | Orc:2    | Gained mutation: You are somewhat resistant to further
                  | mutation. [Jiyva's grace]
 16076 | Orc:2    | Noticed an orc warlord
 16145 | Orc:2    | Killed an orc warlord
 16146 | Orc:2    | Reached skill level 14 in Shapeshifting
 16172 | Orc:2    | Found Byaceol's Armour Shoppe.
 16256 | Orc:2    | Noticed an orc warlord
 16310 | Orc:2    | XOM: noise
 16363 | Orc:2    | an orc warlord changed into a white draconian
 16379 | Orc:2    | Reached skill level 15 in Unarmed Combat
 16426 | Orc:2    | Reached skill level 10 in Fighting
 16790 | Orc:2    | Found Ado Ked's General Store.
 16791 | Orc:2    | Found Toggeoruci's Jewellery Boutique.
 16793 | Orc:2    | Found Wynezxaps's Antique Armour Boutique.
 16793 | Orc:2    | Found Yviff's Antique Weapon Shop.
 17156 | D:12     | XOM: torment (21/66 hp)
 17426 | D:12     | Reached ****** piety under Jiyva
 17656 | D:12     | Identified a scroll of acquirement
 17657 | D:12     | Acquired a manual of Stealth
 17679 | D:13     | Found a gate to the Vaults.
 17793 | D:13     | Lost mutation: You possess an exceptional clarity of mind.
                  | [Jiyva's grace]
 17793 | D:13     | Lost mutation: You expend magic power (3 MP) to strengthen
                  | your wands. [Jiyva's grace]
 17793 | D:13     | Gained mutation: Your spells are a little harder to cast,
                  | but a little more powerful. [Jiyva's grace]
 17793 | D:13     | Gained mutation: Your spells are harder to cast, but more
                  | powerful. [Jiyva's grace]
 17793 | D:13     | Gained mutation: Your spells are much harder to cast, but
                  | much more powerful. [Jiyva's grace]
 17793 | D:13     | Gained mutation: Your body has grown eyes which may confuse
                  | attackers. (Acc +3) [Jiyva's grace]
 17815 | D:13     | Noticed Lodul
 17823 | D:13     | Killed Lodul
 18369 | D:14     | Noticed Roxanne
 18369 | D:14     | Found a gate leading to a gauntlet.
 18378 | D:14     | Slain by an eight-headed hydra
 18580 | D:14     | Noticed Jorgrun
 18593 | D:14     | Killed Jorgrun
 18678 | D:14     | Reached XP level 15. HP: 49/70 MP: 17/17
 18746 | D:14     | Killed Roxanne
 18760 | Gauntlet | Entered a Gauntlet
 18760 | Gauntlet | Found a transporter.
 18760 | Gauntlet | Found a transporter.
 18760 | Gauntlet | Found a runed translucent gate.
 18760 | Gauntlet | Found a runed translucent gate.
 18760 | Gauntlet | Found a runed translucent gate.
 18772 | Gauntlet | Found a transporter.
 18790 | Gauntlet | Found a transporter.
 18790 | Gauntlet | Found a transporter.
 18790 | Gauntlet | Found a transporter.
 18792 | Gauntlet | Found a transporter.
 18792 | Gauntlet | Found a transporter.
 18805 | Gauntlet | Found a transporter.
 18821 | Gauntlet | Found a transporter.
 18829 | Gauntlet | Found a runed translucent door.
 18831 | Gauntlet | Found a transporter.
 18833 | Gauntlet | Found a runed translucent door.
 18836 | Gauntlet | Found a transporter.
 18870 | Gauntlet | Found a transporter.
 18883 | Gauntlet | Found a transporter.
 18974 | Gauntlet | Reached skill level 15 in Shapeshifting
 18975 | Gauntlet | Identified the +0 cloak of Erhop {Rampage +Blink rF- Int-4}
 19002 | Gauntlet | Identified the ring of Kafoewulath {EV+5 Int+4}
 19251 | D:14     | XOM: polymorph jelly -> gnoll
 19391 | D:14     | Noticed Nessos
 19397 | D:14     | Killed Nessos
 19532 | D:15     | Entered Level 15 of the Dungeon
 19539 | D:15     | Lost mutation: You are somewhat resistant to further
                  | mutation. [Jiyva's grace]
 19539 | D:15     | Lost mutation: Your spells are much harder to cast, but
                  | much more powerful. [Jiyva's grace]
 19539 | D:15     | Lost mutation: Your spells are harder to cast, but more
                  | powerful. [Jiyva's grace]
 19539 | D:15     | Lost mutation: You have a small jelly attached to you that
                  | may absorb projectiles. [Jiyva's grace]
 19539 | D:15     | Lost mutation: Your melee attacks may engulf your foes in
                  | ooze. [Jiyva's grace]
 19539 | D:15     | Gained mutation: You are partially covered in iridescent
                  | scales. (AC +2) [Jiyva's grace]
 19539 | D:15     | Gained mutation: You are mostly covered in iridescent
                  | scales. (AC +4) [Jiyva's grace]
 19539 | D:15     | Gained mutation: You are completely covered in iridescent
                  | scales. (AC +6) [Jiyva's grace]
 19539 | D:15     | Gained mutation: You possess an exceptional clarity of
                  | mind. [Jiyva's grace]
 19546 | D:15     | Found a shadowy altar of Dithmenos.
 19675 | D:15     | Demolished by a spriggan berserker
 19684 | D:15     | Found the +8 Wrath of Trog {antimagic, *Rage Rampage}
 19975 | D:15     | XOM: give mutations
 19975 | D:15     | Lost mutation: You have an increased reservoir of magic.
                  | (+10% MP) [Xom's mischief]
 19975 | D:15     | Gained mutation: You have hidden genetic defects. [Xom's
                  | mischief]
 19975 | D:15     | Gained mutation: You are weak. (Str -2) [Xom's mischief]
 19975 | D:15     | Lost mutation: You have hidden genetic defects. [Xom's
                  | mischief]
 20061 | D:15     | Found a staircase to the Depths.
 20237 | D:15     | XOM: summons 1 hostile shadow creature
 20297 | D:15     | XOM: stat loss: -3 Int (22/25)
 20349 | D:15     | XOM: polymorph jelly -> centaur
 20354 | D:15     | Reached skill level 15 in Stealth
 20532 | D:9      | XOM: summons 4 hostile shadow creatures
 20624 | Spider:1 | Entered Level 1 of the Spider Nest
 20981 | Spider:1 | Noticed Mlioglotl
 20993 | Spider:1 | Killed Mlioglotl
 21031 | Spider:1 | Noticed Kirke
 21083 | Spider:1 | Reached skill level 16 in Shapeshifting
 21087 | Spider:1 | Noticed a sphinx
 21093 | Spider:1 | Noticed a sphinx
 21096 | Spider:1 | Killed Kirke
 21097 | Spider:1 | Reached XP level 16. HP: 75/75 MP: 17/17
 21111 | Spider:1 | XOM: god gift: staff of cold
 21142 | Spider:1 | XOM: give mutation
 21142 | Spider:1 | Gained mutation: You are partially covered in large bone
                  | plates. (SH +4) [Xom's mischief]
 21417 | Spider:1 | XOM: summons 2 hostile shadow creatures
 21513 | Spider:1 | XOM: give mutations
 21513 | Spider:1 | Lost mutation: You possess an exceptional clarity of mind.
                  | [Xom's mischief]
 21513 | Spider:1 | Lost mutation: Your spells are a little harder to cast, but
                  | a little more powerful. [Xom's mischief]
 21552 | Spider:2 | XOM: draining
 21573 | Spider:2 | XOM: give mutations
 21573 | Spider:2 | Gained mutation: You passively dampen the noise of your
                  | surroundings. [Xom's mischief]
 21573 | Spider:2 | Gained mutation: You possess an exceptional clarity of
                  | mind. [Xom's mischief]
 21573 | Spider:2 | Lost mutation: Your body has grown eyes which may confuse
                  | attackers. (Acc +3) [Xom's mischief]
 21830 | Spider:2 | Lost mutation: You are completely covered in iridescent
                  | scales. (AC +6) [Jiyva's grace]
 21830 | Spider:2 | Lost mutation: You passively dampen the noise of your
                  | surroundings. [Jiyva's grace]
 21830 | Spider:2 | Gained mutation: You are somewhat resistant to further
                  | mutation. [Jiyva's grace]
 21830 | Spider:2 | Gained mutation: You are somewhat resistant to both further
                  | mutation and mutation removal. [Jiyva's grace]
 21830 | Spider:2 | Gained mutation: You are almost entirely resistant to
                  | further mutation and mutation removal. [Jiyva's grace]
 21830 | Spider:2 | Gained mutation: Your rubbery body absorbs attacks. (AC +1,
                  | EV +1) [Jiyva's grace]
 22066 | Spider:2 | XOM: summons 14 hostile demons
 22066 | Spider:2 | Was forgiven by Xom
 22194 | Spider:3 | Noticed Azrael
 22229 | Spider:2 | Killed Azrael
 22245 | Spider:3 | Identified the serpent talisman "Zodea" {Str+2}
 22245 | Spider:3 | Noticed Aizul
 22354 | Spider:3 | Identified the +1 leather armour of Satisfaction {rCorr}
 22368 | Spider:3 | Killed Aizul
 22540 | Spider:3 | Reached skill level 17 in Shapeshifting
 22703 | Spider:3 | Reached skill level 15 in Dodging
 22709 | Spider:3 | Reached XP level 17. HP: 80/80 MP: 18/18
 22868 | Spider:4 | Entered Level 4 of the Spider Nest
 23005 | Spider:4 | Identified the +0 pair of gloves of the Modern Runes {Fly
                  | Dex+6}
 23091 | Spider:4 | Found a transporter.
 23211 | Spider:4 | Noticed Arachne
 23228 | Spider:4 | Killed Arachne
 23276 | Spider:4 | Found a transporter.
 23280 | Spider:4 | Noticed Xavori's ghost (adept DjCK)
 23639 | Spider:4 | Got a gossamer rune of Zot
 23832 | Shoals:1 | Entered Level 1 of the Shoals
 24065 | Shoals:1 | Lost mutation: You are mostly covered in iridescent scales.
                  | (AC +4) [Jiyva's grace]
 24065 | Shoals:1 | Lost mutation: Your flesh is cold resistant. (rC+) [Jiyva's
                  | grace]
 24065 | Shoals:1 | Lost mutation: You are weak. (Str -2) [Jiyva's grace]
 24065 | Shoals:1 | Gained mutation: You have a pair of small horns on your
                  | head. [Jiyva's grace]
 24065 | Shoals:1 | Gained mutation: You have a pair of horns on your head.
                  | [Jiyva's grace]
 24065 | Shoals:1 | Gained mutation: You have a pair of large horns on your
                  | head. [Jiyva's grace]
 24065 | Shoals:1 | Gained mutation: You are agile. (Dex +4, Str/Int -1)
                  | [Jiyva's grace]
 24742 | Shoals:2 | Reached skill level 18 in Shapeshifting
 24793 | Shoals:2 | Found Tibbe's General Store.
 24893 | Shoals:2 | Noticed Ilsuiw
 24934 | Shoals:2 | Killed Ilsuiw
 25432 | Shoals:3 | Noticed Polyphemus
 25447 | Shoals:3 | Killed Polyphemus
 25459 | Shoals:3 | Reached XP level 18. HP: 85/85 MP: 19/19
 26049 | Shoals:4 | Entered Level 4 of the Shoals
 26049 | Shoals:4 | Lost mutation: You are partially covered in large bone
                  | plates. (SH +4) [Jiyva's grace]
 26049 | Shoals:4 | Lost mutation: You are almost entirely resistant to further
                  | mutation and mutation removal. [Jiyva's grace]
 26049 | Shoals:4 | Gained mutation: Your muscles are strong. (Str +4, Int/Dex
                  | -1) [Jiyva's grace]
 26049 | Shoals:4 | Gained mutation: Your muscles are very strong. (Str +8,
                  | Int/Dex -2) [Jiyva's grace]
 26049 | Shoals:4 | Gained mutation: Your melee attacks may engulf your foes in
                  | ooze. [Jiyva's grace]
 26049 | Shoals:4 | Gained mutation: Your body has grown eyes which may confuse
                  | attackers. (Acc +3) [Jiyva's grace]
 26311 | Shoals:4 | Got a barnacled rune of Zot
 26332 | Shoals:4 | Identified the +2 leather armour of Uskayaw's Delight {rN+
                  | Slay+2}
 26744 | Shoals:4 | Identified the +5 chain mail of Thoughtfulness {Dex+2}
 27107 | Desolati | Identified the of Miaheysu
 27107 | Desolati | Identified the of Goletul
 27107 | Desolati | Identified the "Bigho"
 27107 | Desolati | Identified the of Nogaukke
 27107 | Vaults:2 | Identified the "Lydgh"
 27107 | Elf:3    | Identified the of Reyni
 27107 | Slime:1  | Entered Level 1 of the Pits of Slime
 27145 | Slime:4  | Noticed Dissolution
 27244 | Slime:5  | Identified the "Puuragona"
 27244 | Slime:5  | Entered Level 5 of the Pits of Slime
 27276 | Slime:5  | Noticed the Royal Jelly
 27295 | Slime:5  | Found a viscous altar of Jiyva.
 27592 | Slime:5  | Identified the ring of Free Will {rElec rPois Str-2 Int+3
                  | Dex+6}
 27595 | Slime:5  | Identified the staff of Atijays {rN+ Int+2 Dex+4 Necro}
 27597 | Slime:5  | Got a slimy rune of Zot
 28110 | Vaults:1 | Entered Level 1 of the Vaults
 28335 | Vaults:1 | Found a crumbling gateway.
 28351 | Desolati | Entered the Desolation of Salt
 28389 | Desolati | Reached skill level 19 in Shapeshifting
 28395 | Desolati | HP: 1/113 [ragged hierophant/a resonance strike (35)]
 28395 | Desolati | Mangled by a saltling
 28558 | Desolati | Reached XP level 19. HP: 48/91 MP: 20/20
 28661 | Desolati | Identified the +3 leather armour "Yduad" {-Cast rPois rN+++
                  | Dex-5}
 28801 | Desolati | Identified the ring "Plog" {rC- Will++ Int+6 SInv Stlth-}
 28807 | Desolati | Lost mutation: Your body has grown eyes which may confuse
                  | attackers. (Acc +3) [Jiyva's grace]
 28807 | Desolati | Gained mutation: You are very agile. (Dex +8, Str/Int -2)
                  | [Jiyva's grace]
 28807 | Desolati | Lost mutation: You are somewhat resistant to both further
                  | mutation and mutation removal. [Jiyva's grace]
 28807 | Desolati | Lost mutation: You are somewhat resistant to further
                  | mutation. [Jiyva's grace]
 28807 | Desolati | Gained mutation: You have hidden genetic potential.
                  | [Jiyva's grace]
 28807 | Desolati | Gained mutation: You have great hidden genetic potential.
                  | [Jiyva's grace]
 28807 | Desolati | Gained mutation: You have a small jelly attached to you
                  | that senses nearby items. [Jiyva's grace]
 29043 | Desolati | Identified the +3 short sword of Gupus {vamp, rElec rF+
                  | Will++ rCorr Int-5}
 29426 | Vaults:1 | You are sucked into a shaft and drop 1 floor!
 29591 | Vaults:2 | Identified the +2 robe of Compression {rC+ Dex+2}
 29725 | Vaults:2 | Found a runed translucent gate.
 29725 | Vaults:2 | Found a runed translucent gate.
 29725 | Vaults:2 | Found a runed translucent gate.
 29725 | Vaults:2 | Noticed Ziugimmo's ghost (veteran AtMo)
 29726 | Vaults:2 | Noticed Namoxzo's ghost (adept VSBr)
 29726 | Vaults:2 | Noticed Qecvurom's ghost (adept DrRe)
 29726 | Vaults:2 | Noticed Asumeq's ghost (veteran GrFi)
 29730 | Vaults:2 | Noticed Qecvurom's ghost (adept DrRe)
 29793 | Vaults:2 | Reached skill level 20 in Shapeshifting
 29824 | Vaults:2 | Killed Ziugimmo's ghost
 29864 | Vaults:2 | Noticed Asterion
 29876 | Vaults:2 | Killed Asterion
 29919 | Vaults:2 | Found a staircase to the Crypt.
 29969 | Vaults:2 | Killed Asumeq's ghost
 29984 | Vaults:2 | Identified the amulet of Axto {Regen+ Str+4 Int+4 Slay+2}
 30015 | Vaults:2 | Killed Qecvurom's ghost
 30231 | Vaults:2 | Noticed Bai Suzhen
 30239 | Vaults:2 | Killed Bai Suzhen
 30337 | Vaults:2 | Lost mutation: You have a pair of large horns on your head.
                  | [Jiyva's grace]
 30337 | Vaults:2 | Lost mutation: You are very agile. (Dex +8, Str/Int -2)
                  | [Jiyva's grace]
 30337 | Vaults:2 | Lost mutation: You possess an exceptional clarity of mind.
                  | [Jiyva's grace]
 30337 | Vaults:2 | Lost mutation: Your muscles are very strong. (Str +8,
                  | Int/Dex -2) [Jiyva's grace]
 30337 | Vaults:2 | Lost mutation: Your rubbery body absorbs attacks. (AC +1,
                  | EV +1) [Jiyva's grace]
 30337 | Vaults:2 | Gained mutation: You expend magic power (3 MP) to
                  | strengthen your wands. [Jiyva's grace]
 30337 | Vaults:2 | Gained mutation: You are covered in slimy tendrils that may
                  | disarm your opponents. [Jiyva's grace]
 30337 | Vaults:2 | Gained mutation: You have a somewhat thin skeletal
                  | structure. (Dex +2, Stealth+) [Jiyva's grace]
 30337 | Vaults:2 | Gained mutation: You have a moderately thin skeletal
                  | structure. (Dex +4, Stealth++) [Jiyva's grace]
 30354 | Vaults:2 | Reached XP level 20. HP: 96/96 MP: 21/21
 30831 | Vaults:3 | Gained mutation: You have a pair of large horns on your
                  | head. [hidden potential]
 30874 | Vaults:3 | Reached skill level 15 in Fighting
 31463 | Vaults:3 | Reached skill level 21 in Shapeshifting
 31552 | Vaults:4 | Lost mutation: You are partially covered in iridescent
                  | scales. (AC +2) [Jiyva's grace]
 31552 | Vaults:4 | Lost mutation: You expend magic power (3 MP) to strengthen
                  | your wands. [Jiyva's grace]
 31552 | Vaults:4 | Lost mutation: Your melee attacks may engulf your foes in
                  | ooze. [Jiyva's grace]
 31552 | Vaults:4 | Gained mutation: Your mind is acute. (Int +4, Str/Dex -1)
                  | [Jiyva's grace]
 31552 | Vaults:4 | Gained mutation: Your mind is very acute. (Int +8, Str/Dex
                  | -2) [Jiyva's grace]
 31552 | Vaults:4 | Gained mutation: You have a small jelly attached to you
                  | that may absorb projectiles. [Jiyva's grace]
 31552 | Vaults:4 | Gained mutation: You expend magic power (3 MP) to
                  | strengthen your wands. [Jiyva's grace]
 32395 | Vaults:4 | Noticed Pixtaico's ghost (adept FeNe)
 32396 | Vaults:4 | Found a transporter.
 32397 | Vaults:4 | Found a transporter.
 32397 | Vaults:4 | Identified the +1 giant club "Sitosoe" {protect, rPois
                  | Will- Str+3 Dex+3}
 32397 | Vaults:4 | Identified the +4 great mace "Kuzxiagy" {flame, rElec rN+
                  | Dex+6}
 32419 | Vaults:4 | Killed Pixtaico's ghost
 32860 | Vaults:2 | Killed Namoxzo's ghost
 32866 | Vaults:2 | Killed Qecvurom's ghost
 32905 | Crypt:1  | Entered Level 1 of the Crypt
 32965 | Crypt:1  | Reached XP level 21. HP: 82/103 MP: 22/22
 33035 | Crypt:1  | Noticed Margery
 33046 | Crypt:1  | Killed Margery
 33130 | Crypt:1  | Noticed Donald
 33140 | Crypt:1  | Killed Donald
 33205 | Crypt:1  | Gained mutation: Your flesh is cold resistant. (rC+)
                  | [hidden potential]
 33205 | Crypt:1  | Lost mutation: You have great hidden genetic potential.
                  | [hidden potential expressed]
 33377 | Crypt:1  | Lost mutation: You have a pair of large horns on your head.
                  | [Jiyva's grace]
 33377 | Crypt:1  | Lost mutation: You are agile. (Dex +4, Str/Int -1) [Jiyva's
                  | grace]
 33377 | Crypt:1  | Lost mutation: You are covered in slimy tendrils that may
                  | disarm your opponents. [Jiyva's grace]
 33377 | Crypt:1  | Lost mutation: You have a small jelly attached to you that
                  | may absorb projectiles. [Jiyva's grace]
 33377 | Crypt:1  | Lost mutation: You expend magic power (3 MP) to strengthen
                  | your wands. [Jiyva's grace]
 33377 | Crypt:1  | Gained mutation: You are covered in slimy tendrils that may
                  | disarm your opponents. [Jiyva's grace]
 33377 | Crypt:1  | Gained mutation: You passively map a small area around you.
                  | [Jiyva's grace]
 33377 | Crypt:1  | Gained mutation: You passively map the area around you.
                  | [Jiyva's grace]
 33377 | Crypt:1  | Gained mutation: You passively map a large area around you.
                  | [Jiyva's grace]
 33703 | Crypt:2  | Noticed Frederick
 33709 | Crypt:2  | Killed Frederick
 34355 | Crypt:3  | Entered Level 3 of the Crypt
 34446 | Crypt:3  | Found a basalt altar of Yredelemnul.
 34564 | Crypt:3  | Reached skill level 22 in Shapeshifting
 34643 | Crypt:3  | Found a staircase to the Tomb.
 34790 | Crypt:3  | Noticed a profane servitor
 34795 | Crypt:3  | Killed a profane servitor
 34874 | Crypt:3  | Noticed Boris
 34880 | Crypt:3  | Killed Boris
 35002 | Crypt:3  | Reached XP level 22. HP: 108/110 MP: 23/23
 35182 | Crypt:3  | Reached skill level 23 in Shapeshifting
 35230 | Crypt:3  | Learned a level 2 spell: Blink
 35234 | Crypt:3  | Learned a level 3 spell: Swiftness
 35239 | Crypt:3  | Learned a level 4 spell: Vhi's Electric Charge
 35244 | Crypt:3  | Learned a level 4 spell: Manifold Assault
 35564 | Elf:1    | Entered Level 1 of the Elven Halls
 35632 | Elf:1    | Gained mutation: You are agile. (Dex +4, Str/Int -1)
                  | [hidden potential]
 35689 | Elf:1    | Found Isaquew's Antique Armour Shoppe.
 35998 | Elf:1    | Lost mutation: You have a pair of horns on your head.
                  | [Jiyva's grace]
 35998 | Elf:1    | Lost mutation: Your mind is very acute. (Int +8, Str/Dex
                  | -2) [Jiyva's grace]
 35998 | Elf:1    | Lost mutation: You passively map a large area around you.
                  | [Jiyva's grace]
 35998 | Elf:1    | Lost mutation: You are covered in slimy tendrils that may
                  | disarm your opponents. [Jiyva's grace]
 35998 | Elf:1    | Gained mutation: Your body has grown eyes which may confuse
                  | attackers. (Acc +3) [Jiyva's grace]
 35998 | Elf:1    | Gained mutation: Your body has grown many eyes which may
                  | confuse attackers. (Acc +5) [Jiyva's grace]
 35998 | Elf:1    | Gained mutation: Your body is covered in eyes which may
                  | confuse attackers. (Acc +7, SInv) [Jiyva's grace]
 35998 | Elf:1    | Gained mutation: Your spells are a little harder to cast,
                  | but a little more powerful. [Jiyva's grace]
 36040 | Elf:1    | Found an ancient bone altar of Kikubaaqudgha.
 36681 | Elf:2    | Found a runed translucent gate.
 36682 | Elf:2    | Found a runed translucent gate.
 36682 | Elf:2    | Found a runed translucent gate.
 37133 | Elf:3    | Entered Level 3 of the Elven Halls
 37208 | Elf:3    | Found Geing's General Store.
 37463 | Elf:3    | Reached skill level 1 in Translocations
 37472 | Elf:3    | Reached skill level 1 in Evocations
 37477 | Elf:3    | Reached skill level 1 in Air Magic
 37481 | Elf:3    | Reached skill level 1 in Spellcasting
 37549 | Elf:3    | Killed from afar by a deep elf elementalist
 37937 | Elf:3    | Identified the ring "Syfa Zie" {rPois Will+ Slay+3}
 37946 | Elf:3    | Identified the +1 scimitar of Disorder {venom, Contam rCorr
                  | Dex+9 Stlth+}
 37953 | Elf:3    | Identified the amulet "Faden" {Reflect rElec rF+ SH+5}
 38198 | Elf:3    | Lost mutation: You have a moderately thin skeletal
                  | structure. (Dex +4, Stealth++) [Jiyva's grace]
 38198 | Elf:3    | Lost mutation: You passively map the area around you.
                  | [Jiyva's grace]
 38198 | Elf:3    | Lost mutation: You passively map a small area around you.
                  | [Jiyva's grace]
 38198 | Elf:3    | Gained mutation: Your mind is very acute. (Int +8, Str/Dex
                  | -2) [Jiyva's grace]
 38198 | Elf:3    | Gained mutation: You have a moderately thin skeletal
                  | structure. (Dex +4, Stealth++) [Jiyva's grace]
 38198 | Elf:3    | Gained mutation: You have an unnaturally thin skeletal
                  | structure. (Dex +6, Stealth+++) [Jiyva's grace]
 38198 | Elf:3    | Gained mutation: You have a small jelly attached to you
                  | that may absorb projectiles. [Jiyva's grace]
 38560 | Depths:1 | Entered Level 1 of the Depths
 38569 | Depths:1 | Found Ydefughoch's Book Boutique.
 38569 | Depths:1 | Found Omaulyl's Assorted Antiques.
 38580 | Depths:1 | Bought a translucent bronze amulet for 150 gold pieces
 38580 | Depths:1 | Identified the amulet "Pusatra" {Faith Dex+3} (You bought
                  | it in a shop on level 1 of the Depths)
 38593 | Depths:1 | Bought a scroll labelled VABLOK FUNKOMAKKU for 30 gold
                  | pieces
 38599 | Depths:1 | Bought a book of Chaos for 1100 gold pieces
 38608 | Depths:1 | Learned a level 8 spell: Discord
 38646 | Depths:1 | Reached XP level 23. HP: 120/120 MP: 28/28
 38716 | Depths:1 | Reached skill level 1 in Hexes
 38731 | Depths:1 | Reached skill level 5 in Translocations
 38810 | Depths:1 | Found a broken altar of Ashenzari.
 39173 | Depths:1 | Gained mutation: You passively dampen the noise of your
                  | surroundings. [hidden potential]
 39173 | Depths:1 | Lost mutation: You have hidden genetic potential. [hidden
                  | potential expressed]
 39252 | Depths:1 | Reached skill level 5 in Evocations
 39422 | Depths:1 | Found a gateway to Hell.
 39612 | Depths:1 | Found a portal to a secret trove of treasure.
 39701 | Depths:2 | Reached skill level 5 in Hexes
 39875 | Depths:2 | Reached skill level 5 in Spellcasting
 39877 | Depths:2 | Reached skill level 5 in Air Magic
 39963 | Depths:2 | Found a one-way gate leading to the halls of Pandemonium.
 40010 | Depths:2 | You are sucked into a shaft and drop 1 floor!
 40011 | Depths:3 | Found a one-way gateway to a ziggurat.
 40186 | Depths:3 | Learned a level 1 spell: Apportation
 40189 | Depths:3 | Learned a level 2 spell: Passwall
 40196 | Depths:3 | Learned a level 6 spell: Dispersal
 40271 | Depths:3 | Lost mutation: You have a pair of small horns on your head.
                  | [Jiyva's grace]
 40271 | Depths:3 | Lost mutation: Your flesh is cold resistant. (rC+) [Jiyva's
                  | grace]
 40271 | Depths:3 | Lost mutation: Your muscles are strong. (Str +4, Int/Dex
                  | -1) [Jiyva's grace]
 40271 | Depths:3 | Gained mutation: Armour fits poorly on your pseudopods.
                  | [Jiyva's grace]
 40271 | Depths:3 | Gained mutation: Armour fits poorly on your large
                  | pseudopods. [Jiyva's grace]
 40271 | Depths:3 | Gained mutation: Armour fits poorly on your massive
                  | pseudopods. [Jiyva's grace]
 40271 | Depths:3 | Gained mutation: You have acidic saliva. [Jiyva's grace]
 40649 | Depths:3 | Found a corrupted altar of Lugonu.
 41121 | Depths:2 | Reached skill level 10 in Translocations
 41213 | Depths:4 | Entered Level 4 of the Depths
 41289 | Depths:4 | Reached XP level 24. HP: 100/124 MP: 33/33
 41801 | Depths:4 | Lost mutation: You have an unnaturally thin skeletal
                  | structure. (Dex +6, Stealth+++) [Jiyva's grace]
 41801 | Depths:4 | Lost mutation: You have a moderately thin skeletal
                  | structure. (Dex +4, Stealth++) [Jiyva's grace]
 41801 | Depths:4 | Lost mutation: You are agile. (Dex +4, Str/Int -1) [Jiyva's
                  | grace]
 41801 | Depths:4 | Lost mutation: You have acidic saliva. [Jiyva's grace]
 41801 | Depths:4 | Lost mutation: Your body is covered in eyes which may
                  | confuse attackers. (Acc +7, SInv) [Jiyva's grace]
 41801 | Depths:4 | Lost mutation: Armour fits poorly on your massive
                  | pseudopods. [Jiyva's grace]
 41801 | Depths:4 | Gained mutation: You have a pair of small horns on your
                  | head. [Jiyva's grace]
 41801 | Depths:4 | Gained mutation: You have a pair of horns on your head.
                  | [Jiyva's grace]
 41801 | Depths:4 | Gained mutation: You have a pair of large horns on your
                  | head. [Jiyva's grace]
 41801 | Depths:4 | Gained mutation: You expend magic power (3 MP) to
                  | strengthen your wands. [Jiyva's grace]
 41818 | Depths:4 | Found a gate to the Realm of Zot.
 42108 | Depths:4 | Reached skill level 10 in Hexes
 42209 | Depths:4 | Acquired a manual of Fighting
 42243 | Depths:4 | Voluntarily entered the Abyss.
 42269 | Abyss:1  | Found a corrupted altar of Lugonu.
 42566 | Abyss:3  | Found a corrupted altar of Lugonu.
 42740 | Abyss:3  | Found a corrupted altar of Lugonu.
 42750 | Abyss:3  | Found a corrupted altar of Lugonu.
 42790 | Abyss:3  | Gained mutation: You are frail. (-10% HP) [a neqoxec]
 43093 | Abyss:3  | Found a corrupted altar of Lugonu.
 43216 | Abyss:3  | Lost mutation: You have a pair of large horns on your head.
                  | [Jiyva's grace]
 43216 | Abyss:3  | Lost mutation: Your mind is very acute. (Int +8, Str/Dex
                  | -2) [Jiyva's grace]
 43216 | Abyss:3  | Lost mutation: You have a small jelly attached to you that
                  | may absorb projectiles. [Jiyva's grace]
 43216 | Abyss:3  | Lost mutation: You passively dampen the noise of your
                  | surroundings. [Jiyva's grace]
 43216 | Abyss:3  | Gained mutation: You possess an exceptional clarity of
                  | mind. [Jiyva's grace]
 43216 | Abyss:3  | Gained mutation: Your mind is very acute. (Int +8, Str/Dex
                  | -2) [Jiyva's grace]
 43216 | Abyss:3  | Gained mutation: You are partially covered in iridescent
                  | scales. (AC +2) [Jiyva's grace]
 43216 | Abyss:3  | Gained mutation: You are mostly covered in iridescent
                  | scales. (AC +4) [Jiyva's grace]
 43598 | Abyss:3  | Lost mutation: You expend magic power (3 MP) to strengthen
                  | your wands. [a cacodemon]
 43604 | Abyss:3  | Gained mutation: You occasionally shout uncontrollably at
                  | your foes. [a cacodemon]
 43623 | Abyss:3  | Found a corrupted altar of Lugonu.
 43664 | Abyss:3  | Found a corrupted altar of Lugonu.
 43671 | Abyss:3  | Lost mutation: Your mind is very acute. (Int +8, Str/Dex
                  | -2) [a cacodemon]
 43716 | Abyss:3  | Found a corrupted altar of Lugonu.
 43801 | Abyss:3  | Reached skill level 10 in Evocations
 43876 | Abyss:3  | Found a corrupted altar of Lugonu.
 43890 | Abyss:3  | Lost mutation: You have a somewhat thin skeletal structure.
                  | (Dex +2, Stealth+) [a neqoxec]
 44043 | Abyss:3  | Paralysed by accursed screaming for 2 turns
 44047 | Abyss:3  | HP: 4/86 [starcursed mass/accursed screaming (26)]
 44048 | Abyss:3  | Killed from afar by a starcursed mass
 44221 | Abyss:3  | Lost mutation: You possess an exceptional clarity of mind.
                  | [Jiyva's grace]
 44221 | Abyss:3  | Lost mutation: You occasionally shout uncontrollably at
                  | your foes. [Jiyva's grace]
 44221 | Abyss:3  | Lost mutation: Your spells are a little harder to cast, but
                  | a little more powerful. [Jiyva's grace]
 44221 | Abyss:3  | Gained mutation: You are strong-willed. (Will+) [Jiyva's
                  | grace]
 44221 | Abyss:3  | Gained mutation: You are highly strong-willed. (Will++)
                  | [Jiyva's grace]
 44221 | Abyss:3  | Gained mutation: You are extremely strong-willed. (Will+++)
                  | [Jiyva's grace]
 44221 | Abyss:3  | Gained mutation: You have a small jelly attached to you
                  | that may absorb projectiles. [Jiyva's grace]
 44462 | Abyss:3  | Reached XP level 25. HP: 82/115 MP: 36/36
 44468 | Abyss:3  | Gained mutation: You sometimes lose your temper in combat.
                  | [a neqoxec]
 44488 | Abyss:3  | Found a candlelit altar of Ignis.
 44832 | Abyss:3  | Found a corrupted altar of Lugonu.
 45163 | Abyss:3  | Mangled by a tentacled starspawn
 45232 | Abyss:3  | Found a corrupted altar of Lugonu.
 45405 | Abyss:3  | Found a radiant altar of Vehumet.
 45473 | Abyss:3  | Lost mutation: You are mostly covered in iridescent scales.
                  | (AC +4) [Jiyva's grace]
 45473 | Abyss:3  | Lost mutation: Your mind is acute. (Int +4, Str/Dex -1)
                  | [Jiyva's grace]
 45473 | Abyss:3  | Lost mutation: Your system is resistant to poisons. (rPois)
                  | [Jiyva's grace]
 45473 | Abyss:3  | Lost mutation: Armour fits poorly on your large pseudopods.
                  | [Jiyva's grace]
 45473 | Abyss:3  | Gained mutation: You have acidic saliva. [Jiyva's grace]
 45473 | Abyss:3  | Gained mutation: Your rubbery body absorbs attacks. (AC +1,
                  | EV +1) [Jiyva's grace]
 45473 | Abyss:3  | Gained mutation: Your pliable body absorbs attacks. (AC +2,
                  | EV +2) [Jiyva's grace]
 45473 | Abyss:3  | Gained mutation: Your gelatinous body deflects attacks. (AC
                  | +3, EV +3) [Jiyva's grace]
 45919 | Abyss:3  | Reached skill level 15 in Translocations
 45963 | Abyss:3  | Reached skill level 10 in Air Magic
 45965 | Abyss:3  | Reached skill level 10 in Spellcasting
 45980 | Abyss:3  | Got an abyssal rune of Zot
 46136 | Depths:4 | Escaped the Abyss
 46450 | Vaults:5 | Entered Level 5 of the Vaults
 46526 | Vaults:5 | Noticed a dread lich
 46540 | Vaults:5 | Killed a dread lich
 46541 | Vaults:5 | Reached skill level 15 in Hexes
 46600 | Vaults:5 | Identified the +1 rapier "Hiosezic" {antimagic, Dex+3 SInv}
 46631 | Vaults:5 | Noticed Boris
 46762 | Vaults:5 | Reached XP level 26. HP: 119/119 MP: 38/38
 46858 | Vaults:5 | Lost mutation: You have a small jelly attached to you that
                  | senses nearby items. [Jiyva's grace]
 46858 | Vaults:5 | Gained mutation: Your translucent skin slightly reduces
                  | your foes' accuracy. (Stealth+) [Jiyva's grace]
 46858 | Vaults:5 | Gained mutation: Your translucent skin reduces your foes'
                  | accuracy. (Stealth+) [Jiyva's grace]
 46858 | Vaults:5 | Gained mutation: Your transparent skin significantly
                  | reduces your foes' accuracy. (Stealth+) [Jiyva's grace]
 46858 | Vaults:5 | Gained mutation: You expend magic power (3 MP) to
                  | strengthen your wands. [Jiyva's grace]
 46996 | Vaults:5 | Killed Boris
 47073 | Vaults:5 | Identified the +9 hand axe "Lourchi" {flame, Will+++}
 47073 | Vaults:5 | Identified the +6 shortbow of Circular Logic {freeze, Str+2
                  | Dex+3}
 47146 | Vaults:5 | Identified the ring of Balance {rC+ Int+6 Stlth+}
 47255 | Vaults:5 | Found the +0 pair of fencer's gloves {Riposte Dex+3}
 47555 | Vaults:5 | Got a silver rune of Zot
 47556 | Vaults:5 | Identified the ring "Visaxel" {Ice Str+2}
 47560 | Vaults:5 | Identified the +5 scale mail of the Platytaur {rPois Regen+
                  | Int-3 SInv}
 47936 | Vaults:1 | Found Loeladd's Assorted Antiques.
 48798 | Zot:1    | Entered Level 1 of the Realm of Zot
 48798 | Zot:1    | Noticed a juggernaut
 48812 | Zot:1    | Killed a juggernaut
 49276 | Zot:1    | Lost mutation: You have a pair of horns on your head.
                  | [Jiyva's grace]
 49276 | Zot:1    | Lost mutation: You have a pair of small horns on your head.
                  | [Jiyva's grace]
 49276 | Zot:1    | Lost mutation: You sometimes lose your temper in combat.
                  | [Jiyva's grace]
 49276 | Zot:1    | Lost mutation: You are frail. (-10% HP) [Jiyva's grace]
 49276 | Zot:1    | Lost mutation: Your gelatinous body deflects attacks. (AC
                  | +3, EV +3) [Jiyva's grace]
 49276 | Zot:1    | Lost mutation: Your transparent skin significantly reduces
                  | your foes' accuracy. (Stealth+) [Jiyva's grace]
 49276 | Zot:1    | Lost mutation: Your translucent skin reduces your foes'
                  | accuracy. (Stealth+) [Jiyva's grace]
 49276 | Zot:1    | Gained mutation: Your body is covered in eyes which may
                  | confuse attackers. (Acc +7, SInv) [Jiyva's grace]
 49276 | Zot:1    | Gained mutation: Your translucent skin reduces your foes'
                  | accuracy. (Stealth+) [Jiyva's grace]
 49276 | Zot:1    | Gained mutation: Your transparent skin significantly
                  | reduces your foes' accuracy. (Stealth+) [Jiyva's grace]
 49276 | Zot:1    | Gained mutation: You have an increased reservoir of magic.
                  | (+10% MP) [Jiyva's grace]
 49342 | Zot:1    | Learned a level 4 spell: Passage of Golubria
 50089 | Zot:2    | Reached XP level 27. HP: 136/136 MP: 44/44
 50355 | Zot:2    | Learned a level 7 spell: Enfeeble
 50452 | Zot:3    | Noticed Vv
 50466 | Zot:3    | Upgraded the game from 0.31-a0-968-g24f9ace8b5 to
                  | 0.31-a0-971-g75a2e9a4b4
 50470 | Zot:3    | Killed Vv
 50757 | Zot:3    | Noticed Parghit
 50776 | Zot:3    | Killed Parghit
 50866 | Zot:3    | Reached skill level 15 in Evocations
 52015 | Vaults:1 | Bought a scroll of blinking for 307 gold pieces
 52238 | Lair:3   | Killed Gormless's ghost
 52505 | Elf:3    | Bought 3 scrolls of fear for 168 gold pieces
 52505 | Elf:3    | Bought a scroll of blinking for 105 gold pieces
 52505 | Elf:3    | Bought a scroll of fear for 56 gold pieces
 52827 | Depths:1 | You paid a toll of 4 scrolls of blinking to enter a
                  | treasure trove
 52828 | Trove    | Entered a treasure trove
 53093 | Zot:4    | Lost mutation: You have an increased reservoir of magic.
                  | (+10% MP) [Jiyva's grace]
 53093 | Zot:4    | Lost mutation: You are extremely strong-willed. (Will+++)
                  | [Jiyva's grace]
 53093 | Zot:4    | Lost mutation: Your body is covered in eyes which may
                  | confuse attackers. (Acc +7, SInv) [Jiyva's grace]
 53093 | Zot:4    | Lost mutation: Your transparent skin significantly reduces
                  | your foes' accuracy. (Stealth+) [Jiyva's grace]
 53093 | Zot:4    | Gained mutation: Your body is covered in eyes which may
                  | confuse attackers. (Acc +7, SInv) [Jiyva's grace]
 53093 | Zot:4    | Gained mutation: You are mostly covered in iridescent
                  | scales. (AC +4) [Jiyva's grace]
 53093 | Zot:4    | Gained mutation: You are completely covered in iridescent
                  | scales. (AC +6) [Jiyva's grace]
 53093 | Zot:4    | Gained mutation: You are agile. (Dex +4, Str/Int -1)
                  | [Jiyva's grace]
 53493 | Zot:4    | Found a hide-covered altar of Uskayaw.
 53715 | Zot:5    | Entered Level 5 of the Realm of Zot
 53721 | Zot:5    | Identified the +11 trident of Luudif {antimagic, rCorr}
 54307 | Zot:5    | Noticed an orb of fire
 54309 | Zot:5    | Noticed an orb of fire
 54313 | Zot:5    | Noticed an orb of fire
 54313 | Zot:5    | Noticed a dread lich
 54319 | Zot:5    | Noticed a dread lich
 54323 | Zot:5    | Noticed a dread lich
 54324 | Zot:5    | Noticed an ancient lich
 54326 | Zot:5    | Killed an orb of fire
 54329 | Zot:5    | Noticed a dread lich
 54332 | Zot:5    | Noticed an ancient lich
 54340 | Zot:5    | HP: 4/136 [tentacled monstrosity (4)]
 54352 | Zot:5    | Killed a dread lich
 54378 | Zot:5    | Noticed a dread lich
 54394 | Zot:5    | Killed a dread lich
 54603 | Zot:5    | Killed a dread lich
 54607 | Zot:5    | Killed a dread lich
 54609 | Zot:5    | Killed an ancient lich
 54626 | Zot:5    | Killed an ancient lich
 54631 | Zot:5    | Killed an orb of fire
 54642 | Zot:5    | Killed a dread lich
 54648 | Zot:5    | Lost mutation: You have a small jelly attached to you that
                  | may absorb projectiles. [an orb of fire]
 54653 | Zot:5    | Killed an orb of fire
 55967 | Tomb:3   | Identified the "Vunoreus"
 55967 | Tar:7    | Identified the "Wiozu"
 55967 | Tar:7    | Identified the "Housm"
 55967 | Pan      | Entered Pandemonium
 55969 | Pan      | Found an exit through the horrors of the Abyss.
 56127 | Pan      | Noticed Wueseg the pandemonium lord
 56135 | Pan      | Killed Wueseg the pandemonium lord
 56702 | Pan      | Took an exit into the Abyss.
 56702 | Abyss:3  | Escaped into the Abyss
 56716 | Abyss:3  | Found a corrupted altar of Lugonu.
 56720 | Depths:4 | Escaped the Abyss
 57120 | Tomb:1   | Entered Level 1 of the Tomb of the Ancients
 57127 | Tomb:1   | Lost mutation: You are completely covered in iridescent
                  | scales. (AC +6) [Jiyva's grace]
 57127 | Tomb:1   | Lost mutation: You are mostly covered in iridescent scales.
                  | (AC +4) [Jiyva's grace]
 57127 | Tomb:1   | Lost mutation: You are agile. (Dex +4, Str/Int -1) [Jiyva's
                  | grace]
 57127 | Tomb:1   | Lost mutation: You are highly strong-willed. (Will++)
                  | [Jiyva's grace]
 57127 | Tomb:1   | Lost mutation: Your body is covered in eyes which may
                  | confuse attackers. (Acc +7, SInv) [Jiyva's grace]
 57127 | Tomb:1   | Lost mutation: Your pliable body absorbs attacks. (AC +2,
                  | EV +2) [Jiyva's grace]
 57127 | Tomb:1   | Lost mutation: Armour fits poorly on your pseudopods.
                  | [Jiyva's grace]
 57127 | Tomb:1   | Gained mutation: You have a pair of small antennae on your
                  | head. [Jiyva's grace]
 57127 | Tomb:1   | Gained mutation: You have a pair of antennae on your head.
                  | [Jiyva's grace]
 57127 | Tomb:1   | Gained mutation: You have a pair of large antennae on your
                  | head. (SInv) [Jiyva's grace]
 57127 | Tomb:1   | Gained mutation: Your flesh is cold resistant. (rC+)
                  | [Jiyva's grace]
 57151 | Tomb:1   | Reached skill level 15 in Air Magic
 57253 | Tomb:1   | Reached skill level 15 in Spellcasting
 57724 | Tomb:1   | Noticed a royal mummy
 57847 | Tomb:1   | Killed a royal mummy
 58576 | Pan      | Entered Pandemonium
 58587 | Pan      | Gained mutation: You are vulnerable to heat. (rF-) [a
                  | cacodemon]
 59107 | Pan      | Found a runed translucent door.
 59120 | Pan      | Got a demonic rune of Zot
 59317 | Pan      | Gained mutation: You have hidden genetic defects. [a
                  | cacodemon]
 59321 | Pan      | Noticed Sahi the pandemonium lord
 59339 | Pan      | Killed Sahi the pandemonium lord
 59502 | Pan      | Lost mutation: You have a pair of large antennae on your
                  | head. (SInv) [Jiyva's grace]
 59502 | Pan      | Lost mutation: You are strong-willed. (Will+) [Jiyva's
                  | grace]
 59502 | Pan      | Lost mutation: Your body has grown many eyes which may
                  | confuse attackers. (Acc +5) [Jiyva's grace]
 59502 | Pan      | Lost mutation: Your translucent skin reduces your foes'
                  | accuracy. (Stealth+) [Jiyva's grace]
 59502 | Pan      | Gained mutation: Your pliable body absorbs attacks. (AC +2,
                  | EV +2) [Jiyva's grace]
 59502 | Pan      | Gained mutation: Your gelatinous body deflects attacks. (AC
                  | +3, EV +3) [Jiyva's grace]
 59502 | Pan      | Gained mutation: You are mostly covered in iridescent
                  | scales. (AC +4) [Jiyva's grace]
 59502 | Pan      | Gained mutation: You are completely covered in iridescent
                  | scales. (AC +6) [Jiyva's grace]
 59901 | Pan      | Noticed Hetzefef the pandemonium lord
 59922 | Pan      | Mangled by Hetzefef the pandemonium lord
 60009 | Pan      | Found an exit through the horrors of the Abyss.
 60225 | Pan      | Gained mutation: Your body sometimes deteriorates upon
                  | taking damage. [hidden defects]
 60321 | Pan      | Killed from afar by a demonspawn black sun
 60748 | Pan      | Noticed Ysy Nek the pandemonium lord
 60774 | Pan      | Killed Ysy Nek the pandemonium lord
 60957 | Pan      | Gained mutation: Your body often deteriorates upon taking
                  | damage. [hidden defects]
 60957 | Pan      | Lost mutation: You have hidden genetic defects. [hidden
                  | defects expressed]
 60975 | Pan      | Lost mutation: You are completely covered in iridescent
                  | scales. (AC +6) [Jiyva's grace]
 60975 | Pan      | Lost mutation: Your body has grown eyes which may confuse
                  | attackers. (Acc +3) [Jiyva's grace]
 60975 | Pan      | Lost mutation: You are vulnerable to heat. (rF-) [Jiyva's
                  | grace]
 60975 | Pan      | Gained mutation: Your flesh is heat resistant. (rF+)
                  | [Jiyva's grace]
 60975 | Pan      | Gained mutation: Your flesh is very heat resistant. (rF++)
                  | [Jiyva's grace]
 60975 | Pan      | Gained mutation: Your flesh is almost immune to the effects
                  | of heat. (rF+++) [Jiyva's grace]
 60975 | Pan      | Gained mutation: Your system is resistant to poisons.
                  | (rPois) [Jiyva's grace]
 61415 | Pan      | Noticed Peluradd the pandemonium lord
 61418 | Pan      | Killed Peluradd the pandemonium lord
 61493 | Pan      | Gained mutation: You are weak. (Str -2) [a cacodemon]
 61832 | Pan      | Found an exit through the horrors of the Abyss.
 62200 | Pan      | Noticed Piteny the pandemonium lord
 62227 | Pan      | Found an exit through the horrors of the Abyss.
 62245 | Pan      | Took an exit into the Abyss.
 62245 | Abyss:3  | Escaped into the Abyss
 62278 | Depths:2 | Escaped the Abyss
 62505 | Zot:5    | Got the Orb of Zot
 62524 | Zot:5    | Gained mutation: You are dopey. (Int -2) [a cacodemon]
 62684 | Zot:2    | Noticed a seraph
 62705 | Zot:1    | Killed a seraph
 63341 | D:$      | Escaped with the Orb!

Illustrated notes

Levels and vault maps discovered:
D:1:      kilobyte_arrival_exit_the_forest, layout_basic,
          hellmonk_ecumenical_altar_watching_god, serial_curves, eino_curves_03,
          eino_curves_02, minivault_26, nicolae_figureground_sparkle
D:2:      layout_loops_corners, uniq_sigmund
D:3:      layout_basic, grunt_ministairs_6
D:4:      layout_basic, mainiacjoe_overflow_small_starburst, minivault_14,
          dk_rats_in_the_wall, uniq_blork_the_orc, uniq_duvessa, uniq_ijyb,
          uniq_pikel
D:5:      layout_basic, nicolae_overflow_crystal_walls, enter_ossuary_5
D:6:      layout_loops_corners, minmay_temple_entry_drinking_statues,
          st_stairs_7, guppyfry_early_elven_hall
D:7:      layout_loops_corners, nicolae_overflow_hidden_temple,
          marbit_many_paths, minmay_fractal_squares_diagonal_5
D:8:      layout_layer_cave, eat_drink_and_be_merry_uskayaw,
          nicolae_vehumet_radiance, ebering_ghost_gozag, nicolae_letterblocks
          [nicolae_letter_subblock, nicolae_letter_subblock,
          nicolae_letter_subblock, nicolae_letter_subblock,
          nicolae_letter_subblock, nicolae_letter_subblock,
          nicolae_letter_subblock, nicolae_letter_subblock,
          nicolae_letter_subblock, nicolae_letter_subblock,
          nicolae_letter_subblock, nicolae_letter_subblock,
          nicolae_letter_subblock, nicolae_letter_subblock,
          nicolae_letter_subblock, nicolae_letter_subblock,
          nicolae_letter_subblock, nicolae_letter_subblock,
          nicolae_letter_subblock, nicolae_letter_subblock,
          nicolae_letter_subblock, nicolae_letter_subblock,
          nicolae_letter_subblock, nicolae_letter_subblock,
          nicolae_letter_subblock]
D:9:      minmay_cut_squares, layout_gridville, dpeg_oklobed_lair, serial_shops,
          nicolae_shop_hallway_plus
D:10:     minmay_recursive_quarters, layout_long_grid,
          grunt_temple_overflow_open, uniq_urug
D:11:     layout_loops_ring, tso_oasis_becter, uniq_erica
D:12:     layout_loops_ring
D:13:     layout_irregular_city, erik_vaults_1, uniq_lodul
D:14:     layout_roguey, gauntlet_entry_generic,
          minmay_staircase_windowed_large, serial_corexii_hall,
          corexii_hall_statues_u, corexii_hall_statues_i, uniq_jorgrun,
          uniq_nessos, uniq_roxanne
D:15:     hellmonk_depths_entry_around_the_bend, layout_long_grid,
          grunt_dithmenos_smoke, minmay_guarded_unrand_wrath_of_trog
Temple:   nicolae_temple_bog_church
Lair:1:   layout_big_grid
Lair:2:   layout_chaotic_city, mainiacjoe_shoals_entry_four_pools,
          spider_nest_entry_a
Lair:3:   layout_long_grid, gammafunk_ghost_abyssal_escape,
          serial_bayou_shore_b, infiniplex_staircase_pool
Lair:4:   layout_cave_pods, slime_entry_1, grunt_megastairs_5
Lair:5:   minmay_lair_end_enchanted_forest, layout_small_grid,
          nicolae_volcano_entry_two_sided
Shoals:1: layout_shoals, nicolae_shoals_drake_roost
Shoals:2: layout_shoals, serial_shops, shop, nicolae_shoals_lost_giant_baths,
          nicolae_shoals_water_elemental_grotto, uniq_ilsuiw
Shoals:3: layout_shoals, uniq_polyphemus
Shoals:4: shoals_end_simple, layout_shoals
Spider:1: layout_spider_delve, hangedman_spider_tarantella_strand, uniq_kirke,
          uniq_mlioglotl
Spider:2: layout_spider_delve, nicolae_spider_paper_wasps
Spider:3: spiders_nest_a, uniq_azrael, uniq_aizul
Spider:4: spider_rune_water, gammafunk_ghost_berserking_beasts, uniq_arachne
Slime:1:  layout_caves
Slime:2:  layout_caves
Slime:3:  layout_caves
Slime:4:  cheibrodos_slime_lost_civilization_10, layout_caves,
          dissolution_awaits
Slime:5:  slime_pit_nicolae_inversion
Orc:1:    layout_caves, nicolae_shop_clearance, uniq_harold, uniq_gastronok,
          uniq_maurice
Orc:2:    st_orc_congregation, layout_caves, serial_shops, nicolae_shop_trees,
          kennysheep_orc_chapel
Elf:1:    eino_elf_arrival_the_gate, layout_geoelf_octagon, basic_altar,
          serial_shops, nicolae_shop_gibbet_a_chance, hangedman_corner_corridor,
          dreamdust_wishing_well, hex_large
Elf:2:    nicolae_elf_blades_crystal_corner, layout_geoelf_grid,
          roderic_roman_lattice
Elf:3:    minmay_elf_hall_not_hex, layout_loops_corners, serial_shops,
          nicolae_shop_trees, dreamdust_princess_bridge, minivault_25_ag,
          roderic_three_in_a_row
Vaults:1: portal_desolation_entry_nicolae_nacl, hangedman_vaults_trim,
          nicolae_vaults_network_quinsquares
          [nicolae_vaults_network_quincunx_subvault,
          nicolae_vaults_network_quincunx_subvault,
          nicolae_vaults_network_quincunx_subvault,
          nicolae_vaults_network_quincunx_subvault], v_misc_5,
          nicolae_vaults_trapezoid_lopsided_1, v_rooms_1, nicolae_vaults_big_ls,
          ontoclasm_vaults_bender, nicolae_vaults_enemy_cabinets,
          nicolae_vaults_network_star, vaults_dpeg_encased_lava,
          ontoclasm_vaults_gateway, ontoclasm_vaults_twist,
          nicolae_vaults_two_Ls, layout_vaults_omnicross, serial_shops, shop
Vaults:2: gammafunk_ghost_cemetery, v_misc_15,
          nicolae_vaults_windows_and_doors_thing, vaults_standard_mumra_x,
          v_alt_pattern_1, v_misc_23, vaults_standard_mumra_enter_the_diamond,
          vaults_mumra_minichess_inversion, v_misc_22, layout_vaults_omnigrid,
          blue_anna_dwarven_crypt, uniq_asterion, uniq_bai_suzhen
Vaults:3: nicolae_vaults_storing_the_good_stuff, nicolae_vaults_tetromino_Z_2,
          nicolae_vaults_shrinking_rooms_1, nicolae_vaults_trapezoid_lopsided_4,
          nicolae_vaults_angled_halls, v_misc_18, v_misc_23,
          nicolae_vaults_border_crossing, nicolae_vaults_yaktaur_gun_rack,
          nicolae_vaults_apartment_2, nicolae_vaults_trapezoid_lopsided_4,
          hangedman_vaults_snaps, vaults_dpeg_emergency_exit,
          nicolae_vaults_wrenched, layout_vaults_maze_snakey
Vaults:4: gammafunk_ghost_smash, nicolae_vaults_storage_closets_1,
          hangedman_vaults_corner, nicolae_vaults_doubleplus_tesselated,
          v_rooms_3, v_misc_11, hangedman_vaults_cutoff, st_spiral_rooms,
          ontoclasm_vaults_loading_screen, layout_vaults_chaotic_city
Vaults:5: serial_shops
Crypt:1:  layout_chaotic_city, grunt_megastairs_3, grunt_crypt_arrival_split,
          uniq_donald, uniq_margery
Crypt:2:  layout_basic, corexii_leaking_fountain, uniq_frederick
Crypt:3:  grunt_crypt_end_deaths_head, uniq_boris
Tomb:1
Depths:1: layout_gridlike, nicolae_ashenzari_panopticon, trove_entry_hex_spiral,
          lightli_too_deep, serial_sigils_hangedman_writhe,
          minmay_serpent_palace, minmay_shoptagon
Depths:2: minmay_dotted_concentric_squares, layout_cave_pools, pan_entry,
          pf_dread_powers_of_hell
Depths:3: cheibrodos_birdhouse, layout_gridlike, enter_ziggurat_a,
          hangedman_tar_grid_catacomb, abyss_entry_flame_altar,
          rand_demon_pan_entry_5, grunt_ministairs_7, minmay_holes
Depths:4: evilmike_zot_entry_round, layout_gridlike, grunt_pan_entry_zigzag,
          abyss_entry, grunt_decor_arrowhead, hell_entry, moated_statue,
          minmay_shattered_shrine
Zot:1:    ebering_greatest_show_in_zot, layout_twisted_circle,
          guppyfry_library_mini
Zot:2:    layout_onion_interference
Zot:3:    layout_concentric_octagons, regret_index_zotdec_ex,
          hangedman_player_shredder, uniq_vv, uniq_parghit
Zot:4:    layout_misc_corridors, regret_index_zotdec_icy_dp,
          nicolae_zig_zag_zippers
Zot:5:    layout_onion

Skill      XL: |  1  2  3  4  5  6  7  8  9 10 11 12 13 14 15 16 17 18 19 20 21 22 23 24 25 26 27 |
---------------+----------------------------------------------------------------------------------+-----
Unarmed Combat | 6 7 8 10 11 12 13 14 15 16 17 18 19 20 21 | 21.0
Stealth        | 4 6 8 10 11 13 15 18 19 21 | 21.0
Dodging        | 5 6 8 9 11 12 13 15 16 17 18 20 21 | 21.0
Fighting       | 4 6 7 8 9 10 11 12 13 14 16 18 21 | 21.0
Shapeshifting  | 3 9 11 12 13 14 16 17 18 19 20 21 22 23 | 23.0
Translocations | 4 10 13 16 18 21 | 21.0
Evocations     | 3 7 10 12 14 20 | 20.7
Air Magic      | 2 6 8 10 12 17 | 17.8
Spellcasting   | 2 6 8 10 12 17 | 17.8
Hexes          | 8 12 15 18 21 | 21.0

Action                     |  1- 3 |  4- 6 |  7- 9 | 10-12 | 13-15 | 16-18 | 19-21 | 22-24 | 25-27 || total
---------------------------+-------+-------+-------+-------+-------+-------+-------+-------+-------++-------
  Melee: Unarmed           |    52 |   105 |   363 |   637 |  1149 |  1453 |  1174 |  1457 |  2809 ||  9199
         Bite              |     4 |     7 |    50 |    79 |   170 |   209 |   105 |       |    41 ||   665
         Punch             |     1 |     3 |    22 |    51 |   128 |   179 |   196 |   249 |   510 ||  1339
         Maw               |       |       |       |   184 |   182 |       |       |       |       ||   366
         Headbutt          |       |       |       |       |       |   160 |   211 |       |       ||   371
         Tailslap          |       |       |       |       |       |       |     1 |       |       ||     1
   Cast: Manifold Assault  |       |       |       |       |       |       |       |       |    82 ||    82
         Enfeeble          |       |       |       |       |       |       |       |       |    56 ||    56
         Vhi's Electric Ch |       |       |       |       |       |       |       |       |    12 ||    12
         Dispersal         |       |       |       |       |       |       |       |       |     2 ||     2
 Invoke: Oozemancy         |       |       |       |       |       |     1 |       |       |       ||     1
  Evoke: Wand              |       |       |       |     7 |     2 |       |       |       |       ||     9
    Use: Potion            |       |     1 |     3 |     2 |     6 |     3 |     1 |     1 |    17 ||    34
         Scroll            |       |     6 |    12 |    10 |     7 |     3 |     6 |     3 |    10 ||    57
   Stab: Sleeping          |     1 |     3 |     8 |    23 |    30 |    34 |    37 |    56 |    17 ||   209
         Paralysed         |       |     2 |     1 |       |       |       |       |       |       ||     3
         Invisible         |       |       |     3 |     8 |       |       |     1 |       |    31 ||    43
         Distracted        |       |       |       |     2 |    10 |     9 |    11 |    26 |    45 ||   103
         Confused          |       |       |       |       |     9 |     2 |       |       |       ||    11
         Petrifying        |       |       |       |       |       |     1 |       |       |       ||     1
 Armour: Skin              |     9 |    19 |   117 |   169 |   442 |  1013 |   355 |   190 |   553 ||  2867
  Dodge: Dodged            |    33 |    45 |   275 |   686 |  1541 |  4444 |  1845 |  1389 |  3520 || 13778
  Block: Other             |     4 |     7 |       |       |       |   496 |       |   181 |   507 ||  1195
         Reflection        |       |       |       |       |       |       |       |     3 |    11 ||    14
   Form: Maw               |       |       |       |     2 |     1 |       |       |       |       ||     3
         Blade             |       |       |       |     1 |     2 |       |       |       |       ||     3
         Statue            |       |       |       |       |     1 |       |     1 |       |     1 ||     3
         Storm             |       |       |       |       |       |       |     1 |       |     1 ||     2
         Dragon            |       |       |       |       |       |       |     1 |       |       ||     1

Table legend: (Time is in decaauts)
 A = Elapsed time spent in this place.
 B = Non-inter-level travel time spent in this place.
 C = Inter-level travel time spent in this place.
 D = Time resting spent in this place.
 E = Time spent auto-exploring this place.
 F = Levels seen in this place.
 G = Mean time per level.
                   A        B        C        D        E       F      G
               +--------+--------+--------+--------+--------+-----+--------+
         Total |  64516 |  57492 |   7024 |    338 |  39305 |  73 |  883.8 |
       Dungeon |  13748 |  11627 |   2121 |    138 |   8941 |  15 |  916.5 |
        Temple |      4 |      2 |      2 |      0 |      0 |   1 |    4.0 |
          Lair |   4401 |   3478 |    923 |      0 |   2374 |   5 |  880.2 |
        Shoals |   4581 |   4386 |    195 |      0 |   3226 |   4 | 1145.2 |
   Spider Nest |   4332 |   4190 |    142 |      0 |   2273 |   4 | 1083.0 |
    Slime Pits |   1212 |   1071 |    141 |      0 |   1020 |   5 |  242.4 |
  Orcish Mines |   1316 |   1117 |    199 |      0 |    599 |   2 |  658.0 |
   Elven Halls |   2840 |   2497 |    343 |      0 |   1890 |   3 |  946.7 |
        Vaults |   7806 |   6938 |    868 |     66 |   5146 |   5 | 1561.2 |
         Crypt |   2544 |   2148 |    396 |      0 |   1431 |   3 |  848.0 |
          Tomb |   1058 |    929 |    129 |      0 |    626 |   1 | 1058.0 |
        Depths |   4328 |   3430 |    898 |      0 |   2500 |   4 | 1082.0 |
           Zot |   5991 |   5330 |    661 |    102 |   3896 |   5 | 1198.2 |
         Abyss |   3578 |   3578 |      0 |     30 |   1718 |   5 |  715.6 |
   Pandemonium |   4762 |   4762 |      0 |      0 |   2734 |   7 |  680.3 |
         Trove |     42 |     42 |      0 |      0 |     29 |   1 |   42.0 |
       Ossuary |    334 |    334 |      0 |      0 |     81 |   1 |  334.0 |
    Desolation |   1110 |   1110 |      0 |      0 |    516 |   1 | 1110.0 |
      Gauntlet |    520 |    520 |      0 |      0 |    298 |   1 |  520.0 |
               +--------+--------+--------+--------+--------+-----+--------+

Top non-repeatable levels by time:
 Abyss:3: 3374 daAuts
   Zot:5: 1934 daAuts
Vaults:2: 1924 daAuts
Vaults:4: 1747 daAuts
Vaults:1: 1664 daAuts
    D:15: 1650 daAuts
   Zot:3: 1464 daAuts
Shoals:4: 1392 daAuts
Depths:4: 1312 daAuts
Depths:1: 1296 daAuts
  Lair:5: 1267 daAuts
Spider:1: 1255 daAuts
Vaults:5: 1243 daAuts
Vaults:3: 1226 daAuts
    D:14: 1197 daAuts
